 Dungeon Crawl Stone Soup version 0.30-b1-2-g02819fbbbe (webtiles) character file.

Game seed: 9548754888148439373

2287271 Ntrails the Scorcher (level 26, 358/358 HPs)
             Began as a Demigod Fire Elementalist on Sept 8, 2023.
             Escaped with the Orb
             ... and 5 runes on Oct 8, 2023!
             The game lasted 11:56:11 (118875 turns).

Ntrails the Scorcher (Demigod Fire Elementalist)  Turns: 118875, Time: 11:56:11

Health: 358/358    AC: 28    Str: 14    XL:     26   Next: 82%
Magic:  52/52      EV: 31    Int: 54    God:
Gold:   8330       SH: 22    Dex: 34    Spells: 2/62 levels left

rFire   + + .        f - +11 long sword of Shame {holy, Drain Int+9 Dex+3}
rCold   + + .        l - +4 kite shield {AC+3}
rNeg    + + .        I - quicksilver dragon scales {rare}
rPois   +            n - +2 helmet
rElec   +            S - +4 dragonskin cloak
rCorr   +            d - +2 pair of gloves
SInv    +            O - +0 pair of boots "Irypeym" {Drain rElec Str+3 Dex+9}
Will    +++..        m - amulet of Past Mistakes {rC+ Regen+ Str+2 SInv} Stlth
                     R - ring "Tuawevouh" {Drain rF+ rN+ rCorr Int+4}
HPRegen 1.59/turn    W - ring "Fiubb" {+Blink rPois rN+ Int+2}
MPRegen 0.33/turn

%: no passive effects
@: mighty, brilliant, berserking, resistant, attractive, flying, hasted,
studying 2 skills, very quick
A: high MP 1, forlorn, divine attributes, dopey 1, poison resistance, MP-powered
wands
0: Orb of Zot
}: 5/15 runes: barnacled, slimy, silver, abyssal, gossamer
a: Evoke Blink


You escaped.
You visited 12 branches of the dungeon, and saw 56 of its levels.
You visited the Abyss 3 times.
You also visited: Ice Cave and Desolation.

You collected 9784 gold pieces.
You spent 1454 gold pieces at shops.


Innate Abilities, Weirdness & Mutations

You have an increased reservoir of magic. (+10% MP)
You shall have no god before yourself.
Your divine heritage dramatically boosts your attributes as you level up.
You are dopey. (Int -2)
Your system is resistant to poisons. (rPois)
You expend magic power (3 MP) to strengthen your wands.


   Skills:
 - Level 20.0 Fighting
 - Level 10.0 Long Blades
 - Level 7.0 Armour
 + Level 18.7 Dodging
 - Level 6.0 Stealth
 - Level 16.0 Shields
 + Level 18.7 Spellcasting
 + Level 18.7 Conjurations
 - Level 5.0 Hexes
 + Level 8.5 Necromancy
 - Level 1.0 Translocations
 - Level 6.0 Transmutations
 + Level 20.6 Fire Magic
 - Level 10.0 Air Magic
 - Level 2.0 Earth Magic
 - Level 5.0 Poison Magic


You had 2 spell levels left.
You knew the following spells:

 Your Spells              Type           Power      Damage    Failure   Level
a - Apportation           Tloc           100%       N/A       1%          1
b - Borgnjor's Vile Clut  Necr/Erth      51%        N/A       2%          5
d - Death Channel         Necr           60%        N/A       4%          6
e - Irradiate             Conj/Tmut      67%        3d34      1%          5
f - Foxfire               Conj/Fire      100%       2x1d9     0%          1
i - Inner Flame           Hex/Fire       100%       N/A       0%          3
m - Iskenderun's Mystic   Conj/Tloc      100%       2d19      1%          4
n - Ignition              Fire           80%        3d21      1%          8
o - Olgreb's Toxic Radia  Pois           100%       N/A       1%          4
y - Yara's Violent Unrav  Hex/Tmut       52%        3d20      2%          5
B - Blink                 Tloc           100%       N/A       1%          2
I - Ignite Poison         Fire/Tmut/Pois 100%       N/A       1%          3
O - Orb of Destruction    Conj           77%        9d17      1%          7
Z - Plasma Beam           Fire/Air       72%        2x1d98    1%          6

Your spell library contained the following spells:

 Spells                   Type           Power      Damage    Failure   Level
 Kiss of Death            Conj/Necr      100%       2d13      0%          1
 Magic Dart               Conj           100%       1d8       0%          1
 Scorch                   Fire           100%       2d9       0%          2
 Searing Ray              Conj           100%       2d8       0%          2
 Freeze                   Ice            100%       1d10      1%          1
 Necrotise                Necr           100%       1d9       1%          1
 Sting                    Tmut/Pois      100%       1d8       1%          1
 Summon Small Mammal      Summ           100%       N/A       1%          1
 Cigotuvi's Dreadful Rot  Necr/Pois/Air  100%       N/A       1%          2
 Ensorcelled Hibernation  Hex/Ice        100%       N/A       1%          2
 Lesser Beckoning         Tloc           100%       N/A       1%          2
 Momentum Strike          Conj/Tloc      100%       3d10      1%          2
 Passwall                 Tmut/Erth      80%        N/A       1%          2
 Poisonous Vapours        Pois/Air       100%       N/A       1%          2
 Sublimation of Blood     Necr           100%       N/A       1%          2
 Flame Wave               Conj/Fire      100%       2d21      0%          4
 Sticky Flame             Conj/Fire      100%       2d11      0%          4
 Fireball                 Conj/Fire      78%        3d29      0%          5
 Iskenderun's Battlesphe  Conj           100%       2d15      0%          5
 Confusing Touch          Hex            100%       N/A       1%          3
 Dazzling Flash           Conj/Hex       100%       N/A       1%          3
 Hailstorm                Conj/Ice       100%       3d20      1%          3
 Portal Projectile        Hex/Tloc       100%       N/A       1%          3
 Spider Form              Tmut/Pois      100%       N/A       1%          3
 Stone Arrow              Conj/Erth      100%       3d13      1%          3
 Summon Guardian Golem    Hex/Summ       86%        N/A       1%          3
 Tukima's Dance           Hex            100%       N/A       1%          3
 Vampiric Draining        Necr           100%       2d13      1%          3
 Vhi's Electric Charge    Tloc/Air       100%       N/A       1%          3
 Volatile Blastmotes      Fire/Tloc      100%       2d18      1%          3
 Anguish                  Hex/Necr       55%        N/A       1%          4
 Animate Dead             Necr           100%       N/A       1%          4
 Cause Fear               Hex            51%        N/A       1%          4
 Dispel Undead            Necr           100%       3d31      1%          4
 Fulminant Prism          Conj/Hex       66%        3d28      1%          4
 Leda's Liquefaction      Hex/Erth       46%        N/A       1%          4
 Petrify                  Tmut/Erth      96%        N/A       1%          4
 Summon Lightning Spire   Summ/Air       100%       N/A       1%          4
 Agony                    Necr           100%       N/A       1%          5
 Arcjolt                  Conj/Air       71%        1d81      1%          5
 Blade Hands              Tmut           53%        N/A       1%          5
 Silence                  Hex/Air        57%        N/A       1%          5
 Conjure Ball Lightning   Conj/Air       71%        3x3d26    1%          6
 Starburst                Conj/Fire      78%        6d20      1%          6
 Call Canine Familiar     Summ           66%        N/A       2%          3
 Frozen Ramparts          Ice            100%       1d16      2%          3
 Ozocubu's Armour         Ice            66%        N/A       2%          3
 Ice Form                 Ice/Tmut       90%        N/A       2%          4
 Alistair's Intoxication  Tmut/Pois      70%        N/A       2%          5
 Animate Armour           Summ/Erth      100%       N/A       6%          4
 Passage of Golubria      Tloc           75%        N/A       6%          4
 Summon Ice Beast         Ice/Summ       66%        N/A       9%          4
 Metabolic Englaciation   Hex/Ice        43%        N/A       9%          5
 Summon Mana Viper        Hex/Summ       86%        N/A       9%          5
 Lee's Rapid Deconstruct  Erth           41%        3d20*     11%         5
 Eringya's Noxious Bog    Tmut/Pois      52%        N/A       14%         6
 Summon Forest            Summ/Tloc      35%        N/A       21%         5
 Simulacrum               Ice/Necr       49%        N/A       24%         6
 Statue Form              Tmut/Erth      64%        N/A       26%         6
 Fire Storm               Conj/Fire      78%        8d20      26%         9
 Storm Form               Tmut/Air       58%        N/A       28%         7
 Dragon Form              Tmut           53%        N/A       54%         7
 Lehudib's Crystal Spear  Conj/Erth      63%        10d15     63%         8
 Dispersal                Tloc           37%        N/A       65%         6
 Enfeeble                 Hex            51%        N/A       67%         7
 Maxwell's Capacitive Co  Air            63%        ∞         67%         8
 Summon Cactus Giant      Summ           33%        N/A       80%         6
 Chain Lightning          Conj/Air       71%        3d94      94%         9
 Monstrous Menagerie      Summ           33%        N/A       100%        7
 Ozocubu's Refrigeration  Ice            33%        4d14      100%        7
 Discord                  Hex            51%        N/A       100%        8
 Summon Horrible Things   Summ           33%        N/A       100%        8
 Dragon's Call            Summ           33%        N/A       100%        9
 Shatter                  Erth           41%        3d32*     100%        9

Inventory:

Hand Weapons
 f - the +11 long sword of Shame (weapon) {holy, Drain Int+9 Dex+3}
   (You found it on level 10 of the Dungeon)

   Int:       It affects your intelligence (+9).
   Dex:       It affects your dexterity (+3).
   Drain:     It drains your maximum health when unequipped.
Missiles
 e - 8 throwing nets {=f!f}
 U - 6 curare-tipped darts {=f}
Armour
 d - a +2 pair of gloves (worn)
   (You found it on level 4 of the Shoals)
 l - a +4 kite shield of protection (worn)
   (You took it off a tengu warrior on level 1 of the Depths)
 n - a +2 helmet (worn)
   (You found it on level 2 of the Elven Halls)
 I - quicksilver dragon scales (worn) {rare}
   (You found it on level 5 of the Vaults)
 O - the +0 pair of boots "Irypeym" (worn) {Drain rElec Str+3 Dex+9}
   (You found it on level 3 of the Crypt)

   Str:       It affects your strength (+3).
   Dex:       It affects your dexterity (+9).
   rElec:     It insulates you from electricity.
   Drain:     It drains your maximum health when unequipped.
 S - the +4 dragonskin cloak (worn)
   (You took it off Tiamat on level 2 of the Realm of Zot)

   Avatar's Aegis: It grants the wearer a chance to resist fire, cold, poison,
   electricity, acid, and negative energy.
Jewellery
 m - the amulet of Past Mistakes (around neck) {rC+ Regen+ Str+2 SInv}
   (You took it off a boggart on level 3 of the Depths)

   [amulet of regeneration]

   Str:       It affects your strength (+2).
   rC:        It protects you from cold.
   SInv:      It lets you see invisible.
   Regen:     It increases your rate of health regeneration.
 F - an amulet of magic regeneration
   (You found it on level 3 of the Lair of Beasts)
 R - the ring "Tuawevouh" (left hand) {Drain rF+ rN+ rCorr Int+4}
   (You found it on level 3 of the Crypt)

   [ring of positive energy]

   Int:       It affects your intelligence (+4).
   rF:        It protects you from fire.
   rN:        It protects you from negative energy.
   rCorr:     It protects you from acid and corrosion.
   Drain:     It drains your maximum health when unequipped.
 W - the ring "Fiubb" (right hand) {+Blink rPois rN+ Int+2}
   (You found it on level 3 of the Crypt)

   [ring of positive energy]

   Int:       It affects your intelligence (+2).
   rPois:     It protects you from poison.
   rN:        It protects you from negative energy.
   +Blink:    It lets you blink.
Wands
 s - a wand of iceblast (77)
   (You bought it in a shop on level 2 of the Orcish Mines)
 A - a wand of paralysis (31)
   (You found it in an ice cave)
 E - a wand of acid (58)
   (You found it on level 3 of the Elven Halls)
 G - a wand of digging (15)
   (You found it on level 1 of the Shoals)
 N - a wand of flame (33)
   (You found it on level 1 of the Realm of Zot)
Scrolls
 c - 9 scrolls of teleportation {@r4}
 g - 7 scrolls of amnesia
 h - a scroll of magic mapping {!r}
 i - 13 scrolls of vulnerability {!r!r}
 j - 2 scrolls of torment {!r}
 k - 8 scrolls of poison {!r}
 p - 9 scrolls of immolation {!r!r}
 v - a scroll of noise {!r}
 C - 2 scrolls of enchant armour
 H - 5 scrolls of fear
 J - 7 scrolls of silence {!r}
 X - 8 scrolls of fog
 Y - 3 scrolls of butterflies
 Z - 2 scrolls of blinking {!r}
Potions
 a - a potion of cancellation
 b - 8 potions of brilliance
 q - 7 potions of heal wounds {@q2}
 r - 6 potions of might
 t - 6 potions of flight
 u - 14 potions of curing {@q1}
 w - 4 potions of resistance
 x - 10 potions of mutation {!q}
 z - 4 potions of haste {@q3}
 D - 9 potions of attraction {!q}
 K - 11 potions of lignification {!q}
 P - 3 potions of ambrosia
Miscellaneous
 o - a phantom mirror
   (You found it on level 2 of the Vaults)
 y - a tin of tremorstones (2/2)
   (You found it on level 11 of the Dungeon)
 B - a phial of floods
   (You found it on level 3 of the Vaults)
 L - a lightning rod (4/4)
   (You found it on level 3 of the Vaults)
 Q - a box of beasts
   (You found it on level 5 of the Vaults)

Dungeon Overview and Level Annotations

Branches:
Dungeon (15/15)            Temple (0/1) D:5            Lair (5/5) D:10
 Shoals (4/4) Lair:3       Spider (4/4) Lair:2        Slime (5/5) Lair:4
    Orc (2/2) D:12            Elf (3/3) Orc:2        Vaults (5/5) D:13
  Crypt (3/3) Vaults:2       Tomb (0/3) Crypt:3      Depths (4/4) D:15
   Hell (visited)             Zot (5/5) Depths:4      IceCv (visited)
Desolation (visited)
    Dis: Hell:1         Geh: Hell:1         Coc: Hell:1         Tar: Hell:1

Shops:
Orc:1 *   Orc:2 *(*?   Elf:1 (   Vaults:2 :

Portals:
Hell: Depths:1 Depths:2 Depths:3 Depths:4
Abyss: Depths:2 Depths:3
Pandemonium: Depths:2
Ziggurat: Depths:2

Annotations:
Elf:2 3 runed translucent doors
Zot:4 2 transporters, Galthrax's ghost, legendary GnCj

.####......................###
###...##.####)####.####.#....##
#..###...##...##...##...###..#
#.## #.⌠.##.⌠.##.⌠.##.⌠.# ##.#
#.####...##...##...##...####.#
##...###.####.####.####.###...#
...⌠.###.####.####.####.###.⌠.#
##............................#
##.##..........@.........##.##
#............................#
#.⌠.###.####.####.####.###.⌠.#
#...###.####.####.####.###...#
#.####...##...##...##...####.#
#.## #.⌠.##.⌠.##.⌠.##.⌠.# ##.#
#..###...##...##...##...###..#
##...##.####.####.####.##...##
###..............^.......###


There were no monsters in sight!


Message History

The zombie hands lose their grip on something. x2
You feel yourself speed up. 😎 MP[+1] 😎 MP[+1] 😎 MP[+1] 😎 MP[+1]
Your mp is fully restored (52).
You see here a +0 whip.
A Gicy, an orange demon and a small abomination come into view.
Gicy moves out of view.
The orange demon moves out of view.
The small abomination moves out of view.
Unknown command.
Press: ? - help, v - describe, . - travel
Here: Gicy The floor.
Unknown command.
Casting: Borgnjor's Vile Clutch (mildly dangerous; 2% risk of failure)
Confirm with . or Enter, or press ? or * to list all spells.
Aiming: Borgnjor's Vile Clutch (mildly dangerous; 2% risk of failure)
Press: ? - help, Shift-Dir - straight line, f - Gicy
Aim: Gicy (100% to hit)
Zombie hands grab Gicy.
The zombie hands constrict Gicy, but do no damage.
Gicy struggles to escape constriction. 😎 MP[-5]
You lost 5 mp, and now have 47/52 mp.
The zombie hands constrict Gicy!
Gicy struggles to escape constriction.
The zombie hands constrict Gicy.
Gicy struggles to escape constriction.
The zombie hands constrict Gicy, but do no damage.
Gicy struggles to escape constriction. x2 😎 MP[+1]
The zombie hands lose their grip on something.
There is a stone staircase leading up here.
You climb upwards.
Your extra speed is starting to run out.
There is a stone staircase leading down here. 😎 MP[+1]
There is an escape hatch in the ceiling here. 😎 MP[+1]
You start resting.
You feel yourself slow down.
Casting: Borgnjor's Vile Clutch (mildly dangerous; 2% risk of failure)
Confirm with . or Enter, or press ? or * to list all spells.
You don't know that spell.
You start resting. 😎 MP[+2]
Your mp is fully restored (52).
Unknown command.
A mysterious force pulls you upwards. The hatch slams shut behind you.
There is a stone staircase leading up here.
You climb upwards.
There is a stone staircase leading down here.
Aiming: Dig
Press: ? - help, Shift-Dir - straight line A rock wall.
This square is covered in magical glow.
You feel a surge of power!
The rock shatters into small pieces. 😎 MP[-3]
You lost 3 mp, and now have 49/52 mp. 😎 MP[+1] 😎 MP[+1] 😎 MP[+1]
Your mp is fully restored (52).
Aiming: Dig
Press: ? - help, Shift-Dir - straight line You can't see that place.
You feel a surge of power!
The rock shatters into small pieces. 😎 MP[-3]
You lost 3 mp, and now have 49/52 mp. 😎 MP[+1] 😎 MP[+1]
Aiming: Dig
Press: ? - help, Shift-Dir - straight line A rock wall.
This square is covered in magical glow.
You feel a surge of power!
The rock shatters into small pieces. 😎 MP[-2]
You lost 2 mp, and now have 49/52 mp. 😎 MP[+1] 😎 MP[+1]
There is a dry fountain here. 😎 MP[+1]
Your mp is fully restored (52).
You feel yourself speed up.
There is a staircase leading out of the dungeon here.
You feel protected.
You feel very buoyant.
You fly up into the air.
You feel very mighty all of a sudden.
Really quaff
D - 10 potions of attraction {!q}?
Really quaff the potion of attraction?
You feel attractive to monsters.
You feel clever all of a sudden.
Really quaff
V - a potion of berserk rage {!q}?
A red film seems to cover your vision as you go berserk!
You feel yourself moving faster!
You feel mighty! 😎 HP[+119]
You now have 358 max hp (+119).
Your hp is fully restored (358).
You feel a strong urge to attack something.
You have escaped!

Skill      XL: |  1  2  3  4  5  6  7  8  9 10 11 12 13 14 15 16 17 18 19 20 21 22 23 24 25 26 |
---------------+-------------------------------------------------------------------------------+-----
Conjurations   | 1 2 3 5 7 8 9 10 11 12 13 15 16 18 | 18.7
Stealth        | 2 3 4 5 6 |  6.0
Dodging        | 2 3 4 5 6 7 9 10 11 12 14 15 16 17 18 | 18.7
Spellcasting   | 2 4 5 6 7 8 9 10 11 13 14 15 16 18 | 18.7
Fire Magic     | 3 4 5 6 7 8 9 11 13 15 16 17 18 19 20 | 20.6
Fighting       | 1 2 3 6 7 8 10 11 12 13 14 15 16 17 19 20 | 20.0
Hexes          | 2 4 5 |  5.0
Armour         | 4 5 6 7 |  7.0
Poison Magic   | 4 5 |  5.0
Air Magic      | 2 8 9 10 | 10.0
Long Blades    | 1 4 6 7 8 9 10 | 10.0
Shields        | 4 5 6 8 10 12 14 15 16 | 16.0
Translocations | 1 |  1.0
Transmutations | 1 2 4 5 6 |  6.0
Necromancy     | 4 7 8 |  8.5
Earth Magic    | 2 |  2.0

Action                     |  1- 3 |  4- 6 |  7- 9 | 10-12 | 13-15 | 16-18 | 19-21 | 22-24 | 25-27 || total
---------------------------+-------+-------+-------+-------+-------+-------+-------+-------+-------++-------
  Melee: Unarmed           |     8 |       |       |       |       |       |       |       |       ||     8
         Staff             |       |     4 |       |       |       |       |       |       |       ||     4
         Spear             |       |       |     7 |       |       |       |       |       |       ||     7
         Long sword        |       |       |       |    19 |    29 |    27 |    15 |   212 |   187 ||   489
  Throw: Dart              |       |       |       |       |     4 |     2 |       |       |     4 ||    10
         Throwing net      |       |       |       |       |     1 |     2 |     1 |       |       ||     4
   Cast: Foxfire           |   107 |    87 |   271 |   382 |   740 |   330 |   213 |   421 |    46 ||  2597
         Scorch            |    16 |    19 |   100 |   232 |   428 |   361 |    64 |   252 |     8 ||  1480
         Fulminant Prism   |       |       |       |   147 |    77 |    19 |       |       |       ||   243
         Olgreb's Toxic Ra |       |       |       |    11 |    88 |   288 |   261 |    84 |   131 ||   863
         Iskenderun's Batt |       |       |       |       |   196 |   186 |   199 |   188 |    23 ||   792
         Inner Flame       |       |       |       |       |    14 |   158 |   103 |    23 |    42 ||   340
         Iskenderun's Myst |       |       |       |       |     5 |    35 |    57 |    48 |    20 ||   165
         Ignite Poison     |       |       |       |       |    21 |    86 |   111 |    19 |    15 ||   252
         Arcjolt           |       |       |       |       |     1 |     2 |       |       |       ||     3
         Blink             |       |       |       |       |     2 |     8 |     1 |       |       ||    11
         Plasma Beam       |       |       |       |       |       |    49 |   407 |   484 |   232 ||  1172
         Irradiate         |       |       |       |       |       |       |     3 |    23 |    74 ||   100
         Yara's Violent Un |       |       |       |       |       |       |    17 |    14 |     8 ||    39
         Ignition          |       |       |       |       |       |       |       |    41 |    47 ||    88
         Death Channel     |       |       |       |       |       |       |       |     4 |    20 ||    24
         Orb of Destructio |       |       |       |       |       |       |       |       |    74 ||    74
         Borgnjor's Vile C |       |       |       |       |       |       |       |       |    33 ||    33
  Evoke: Wand              |       |       |       |     3 |       |     3 |       |    12 |    10 ||    28
         Tin of tremorston |       |       |       |       |       |     2 |       |       |       ||     2
         Phantom mirror    |       |       |       |       |       |       |       |     3 |     1 ||     4
         Lightning rod     |       |       |       |       |       |       |       |     7 |       ||     7
         Box of beasts     |       |       |       |       |       |       |       |       |     1 ||     1
    Use: Scroll            |       |     4 |     1 |    12 |    16 |    16 |     8 |    25 |    16 ||    98
         Potion            |       |     1 |       |     1 |     6 |     3 |     2 |    28 |    13 ||    54
   Stab: Sleeping          |       |       |       |       |       |       |     1 |       |     1 ||     2
         Distracted        |       |       |       |       |       |       |       |     2 |     3 ||     5
         Paralysed         |       |       |       |       |       |       |       |     6 |       ||     6
         Invisible         |       |       |       |       |       |       |       |     1 |       ||     1
 Armour: Robe              |     7 |       |    10 |   120 |   127 |   112 |     2 |       |       ||   378
         Ring mail         |       |       |       |       |       |       |    45 |   117 |     8 ||   170
         Leather armour    |       |       |       |       |       |       |       |    12 |       ||    12
         Quicksilver drago |       |       |       |       |       |       |       |       |    79 ||    79
  Dodge: Dodged            |    13 |     4 |    27 |   221 |   373 |   418 |   184 |   451 |   274 ||  1965
  Block: Buckler           |       |       |       |       |    52 |   159 |   101 |       |       ||   312
         Kite shield       |       |       |       |       |       |       |    16 |   498 |   317 ||   831

Levels and vault maps discovered:
D:1:      dpeg_arrival_chambers_temple_mockup, layout_rooms
D:2:      layout_basic
D:3:      layout_rooms, uniq_sigmund
D:4:      layout_basic
D:5:      minmay_bubble_buster, layout_basic, yredelemnul_altar_generic,
          overflow_temple_1_default, minmay_temple_entry_butterflies,
          st_stairs_5, minmay_checkerbox
D:6:      layout_loops_cross, serial_bayou, serial_bayou_pond_c,
          serial_bayou_ford_a, serial_bayou_shore_b, serial_bayou_shore_a,
          hangedman_minor_gate_pass
D:7:      layout_rooms, hellmonk_guarded_unrand_hermit, uniq_prince_ribbit1
D:8:      lemuel_castle_with_subvaults [lemuel_castle_interior_carwin_2],
          layout_cave_pods, nicolae_gozag_seed_capital, serial_park,
          serial_park_paths [serial_park_minivault_5x5_6], serial_park_tiny_1,
          serial_park_tiny_pond, serial_park_square3
          [serial_park_minivault_5x5_4], minmay_fractal_squares_gapless_5
D:9:      layout_loops_ring, grunt_ogre_cave, kennysheep_generic_room_7
D:10:     layout_roguey, david_lair_generic, minmay_between
D:11:     hangedman_cross_cluster, layout_stronghold, serial_column_ruins,
          column_ruins_hut, column_ruins_hut, column_ruins_corridor_T,
          column_ruins_open_small, column_ruins_corridor_T, minivault_8,
          uniq_josephine
D:12:     layout_loops_ring, minmay_orc_entry_guard_dogs, uniq_azrael
D:13:     layout_irregular_city, erik_vaults_2, uniq_frances
D:14:     layout_gridville, gammafunk_ghost_ooze
D:15:     gammafunk_depths_entry_grave, layout_grid_maze, serial_park_tiny_2,
          uniq_louise, uniq_nessos, uniq_kirke
Lair:1:   layout_regular_city, serial_bayou_pond_a, minivault_25
Lair:2:   mu_elephants_graveyard, layout_regular_city,
          spider_nest_entry_funnel_web, lemuel_fruit_tree, uniq_sonja,
          uniq_nergalle
Lair:3:   layout_regular_city, minmay_shoals_entry_hut, grunt_megastairs_4,
          uniq_fannar
Lair:4:   layout_gridlike, nicolae_slime_entry_slimehenge, grunt_megastairs_3
Lair:5:   hangedman_lair_tendril_chambers, layout_gridlike, wormcave,
          portal_ice_cave_entry_pillars_2, ice2_lemuel
Shoals:1: layout_shoals, uniq_donald
Shoals:2: layout_shoals
Shoals:3: layout_shoals, lemuel_oklob_altar, uniq_ilsuiw
Shoals:4: shoals_end_hangedman, layout_shoals
Spider:1: layout_chambers, drop_trap, uniq_jorgrun
Spider:2: layout_spider_delve, nicolae_spider_webs_and_nodes, uniq_mlioglotl
Spider:3: layout_spider_delve, nicolae_spider_undead_wolf_pack
Spider:4: hellmonk_spider_rune_endless_swarm, hellmonk_ghost_happy_afterlife,
          guppyfry_spider_mini_2, uniq_arachne, uniq_aizul
Slime:1:  layout_caves
Slime:2:  cheibrodos_slime_lost_civilization_3, layout_caves
Slime:3:  layout_caves
Slime:4:  layout_caves
Slime:5
Orc:1:    layout_caves, nicolae_shop_clearance
Orc:2:    grunt_orc_tribal_feast, layout_caves
Elf:1:    layout_loops_ring, serial_shops, nicolae_shop_bloodbath_and_beyond,
          hangedman_elven_crosses_minicolossus, serial_sigils_hangedman_confine,
          evilmike_spriggan_trog_shrine
Elf:2:    elven_hall_of_blades_hangedman_original [nicolae_blade_bullseye],
          layout_gridlike, uniq_agnes
Elf:3:    minmay_elf_hall_statues, layout_gridlike, grunt_megastairs_5
Vaults:1: nicolae_vaults_little_squares_2, nicolae_vaults_circle_grid_a,
          nicolae_vaults_network_barrier, nicolae_vaults_wine_cellar,
          ontoclasm_vaults_pinch, nicolae_vaults_closet_pinwheel_6,
          nicolae_vaults_turnstiles, layout_vaults_chaotic_city
Vaults:2: hangedman_vaults_cutoff, minmay_crypt_entry_simple_walls, v_misc_18,
          hangedman_vaults_snaps, nicolae_vaults_theta,
          nicolae_vaults_murder_corner, nicolae_vaults_variable_pillar_hall,
          v_alt_pattern_2, nicolae_vaults_network_s, dpeg_vaults_monster_box,
          layout_vaults_omnigrid, serial_shops, shop
Vaults:3: hangedman_vaults_stretched_pinwheel, v_misc_15,
          nicolae_vaults_offset_grid_hallway_1, ontoclasm_vaults_tryst,
          nicolae_vaults_ninety_degrees, nicolae_vaults_network_periphery,
          nicolae_vaults_little_squares_5, v_alt_pattern_2,
          vaults_mumra_chevron, nicolae_vaults_heist, vaults_mumra_minichess,
          vaults_standard_mumra_x, nicolae_vaults_house_2,
          nicolae_vaults_surprise_closet_hard, nicolae_vaults_circle_grid_b,
          layout_vaults_ring
Vaults:4: portal_desolation_entry_salt, nicolae_vaults_stand_back,
          vaults_room_hallway, nicolae_vaults_storage_room_doors,
          nicolae_vaults_ellipses_ellipsis, v_misc_2, vaults_mumra_hexcomb,
          hangedman_vaults_restitches, vaults_dpeg_diagonal,
          nicolae_vaults_surprise_closet, vaults_mumra_hex,
          nicolae_vaults_tetromino_T_1, nicolae_vaults_tetromino_Z_2,
          layout_vaults_maze_snakey, uniq_bai_suzhen
Vaults:5
Crypt:1:  layout_catacombs, uniq_grunn
Crypt:2:  layout_rooms, corexii_leaking_fountain, st_shrine_of_skulls
Crypt:3:  lightli_unholy_cathedral, layout_chaotic_city,
          tomb_entry_moat_badplayer
Depths:1: minmay_inner_zag, layout_cave_shapes, hell_entry,
          okawaru_altar_gauntlet_db
Depths:2: grunt_bent_corner, layout_gridlike, enter_ziggurat_c, hell_entry,
          abyss_entry, kennysheep_big_empty_room, rand_demon_pan_entry_5,
          kennysheep_dice
Depths:3: minmay_thinvault, layout_cave_pools, hell_entry,
          abyss_entry_small_statue_room, hangedman_summoners_spam,
          uniq_frederick
Depths:4: evilmike_zot_entry_basic, layout_cave_pools, pf_coc_iceberg
Hell
Zot:1:    kennysheep_bubbly, layout_basic
Zot:2:    grunt_deathspiral_small, layout_cathedral_of_symmetry, st_stairs_5,
          uniq_tiamat
Zot:3:    layout_misc_corridors, grunt_megastairs_2
Zot:4:    layout_twisted_circle, gammafunk_ghost_wrathful_warriors
Zot:5:    layout_basic

Notes
Turn   | Place    | Note
-------+----------+-------------------------------------------
     0 | D:1      | Ntrails the Demigod Fire Elementalist began the quest for
                  | the Orb.
     0 | D:1      | Reached XP level 1. HP: 14/14 MP: 5/5
     0 | D:1      | magus.rc [v1.11.6]
   135 | D:1      | Reached skill level 1 in Conjurations
   463 | D:1      | Reached skill level 2 in Stealth
   571 | D:1      | Reached skill level 2 in Dodging
   571 | D:1      | Reached XP level 2. HP: 20/20 MP: 4/7
   633 | D:1      | Reached skill level 2 in Spellcasting
  1045 | D:1      | Reached skill level 3 in Fire Magic
  1280 | D:1      | Learned a level 2 spell: Scorch
  1525 | D:2      | Reached XP level 3. HP: 26/26 MP: 3/8
  1597 | D:2      | Reached skill level 2 in Conjurations
  2763 | D:3      | Noticed Sigmund
  3090 | D:3      | Reached skill level 4 in Fire Magic
  3090 | D:3      | Reached XP level 4. HP: 29/33 MP: 2/9
  3567 | D:4      | Noticed an ogre
  3571 | D:4      | Killed an ogre
  3572 | D:4      | Reached skill level 5 in Fire Magic
  3572 | D:4      | Reached XP level 5. HP: 38/38 MP: 4/10
  3639 | D:4      | Learned a level 3 spell: Inner Flame
  3774 | D:4      | Reached skill level 1 in Fighting
  3908 | D:4      | Reached XP level 6. HP: 47/47 MP: 4/12
  4151 | D:4      | You add the spells Blink, Momentum Strike and Lesser
                  | Beckoning to your library.
  4768 | D:5      | Entered Level 5 of the Dungeon
  5049 | D:5      | Reached skill level 3 in Stealth
  5144 | D:5      | You add the spells Tukima's Dance, Portal Projectile and
                  | Blade Hands to your library.
  5200 | D:5      | Reached skill level 2 in Fighting
  5200 | D:5      | Reached skill level 3 in Dodging
  5315 | D:5      | Reached skill level 3 in Conjurations
  5315 | D:5      | Reached XP level 7. HP: 55/55 MP: 8/14
  5382 | D:5      | Reached skill level 3 in Spellcasting
  5625 | D:5      | Found a staircase to the Ecumenical Temple.
  5628 | D:5      | You add the spells Vhi's Electric Charge, Arcjolt and
                  | Plasma Beam to your library.
  5796 | D:5      | Reached skill level 1 in Hexes
  6106 | D:5      | Reached skill level 3 in Fighting
  6180 | D:5      | Reached skill level 2 in Hexes
  6466 | D:5      | Reached skill level 4 in Dodging
  6758 | D:3      | Killed Sigmund
  6759 | D:3      | Reached skill level 4 in Spellcasting
  6759 | D:3      | Reached XP level 8. HP: 66/66 MP: 9/17
  6851 | D:5      | Reached skill level 4 in Fighting
  6999 | D:6      | Identified the +2 robe "Seduef" {Fly rC- Int+2}
  7075 | D:6      | Reached skill level 5 in Dodging
  7131 | D:6      | Reached skill level 5 in Fighting
  7396 | D:6      | Reached skill level 6 in Fighting
  8456 | D:7      | Noticed Prince Ribbit
  8460 | D:7      | Killed Prince Ribbit
  8461 | D:7      | Reached XP level 9. HP: 78/78 MP: 11/19
  8751 | D:7      | You add the spells Magic Dart, Searing Ray and Fulminant
                  | Prism to your library.
  8873 | D:7      | Reached skill level 4 in Stealth
  8873 | D:7      | Reached skill level 5 in Spellcasting
  9074 | D:7      | Learned a level 4 spell: Fulminant Prism
  9134 | D:7      | Reached skill level 6 in Fire Magic
  9364 | D:7      | Found the Hermit's Pendant {Faith Invo=14 Evo=0 MP+5}
  9561 | D:8      | Reached skill level 7 in Fighting
  9950 | D:8      | Reached skill level 4 in Conjurations
 10043 | D:8      | Reached skill level 6 in Dodging
 10465 | D:8      | Reached skill level 5 in Conjurations
 10758 | D:8      | Reached XP level 10. HP: 86/86 MP: 5/21
 11398 | D:8      | Reached skill level 6 in Conjurations
 11716 | D:8      | Reached skill level 8 in Fighting
 11845 | D:8      | Reached skill level 7 in Conjurations
 13482 | D:9      | Reached skill level 3 in Hexes
 14338 | D:9      | magus.rc [v1.11.6]
 14340 | D:10     | Entered Level 10 of the Dungeon
 14721 | D:10     | magus.rc [v1.11.6]
 14878 | D:10     | Reached skill level 4 in Hexes
 14878 | D:10     | Reached XP level 11. HP: 74/95 MP: 8/23
 15253 | D:10     | Identified the +11 long sword of Shame {holy, Drain Int+9
                  | Dex+3}
 15331 | D:10     | Noticed a death yak
 15566 | D:10     | Found a staircase to the Lair.
 15590 | D:10     | Killed a death yak
 15591 | D:10     | Reached skill level 8 in Conjurations
 15591 | D:10     | Reached skill level 5 in Hexes
 15772 | D:10     | Noticed a two-headed ogre
 15787 | D:10     | Killed a two-headed ogre
 15788 | D:10     | Reached skill level 9 in Fighting
 15788 | D:10     | Reached skill level 6 in Spellcasting
 16018 | D:10     | Reached skill level 1 in Armour
 16190 | D:11     | Noticed Josephine
 16199 | D:11     | Killed Josephine
 16200 | D:11     | Reached skill level 2 in Armour
 16406 | D:11     | Noticed a two-headed ogre
 16416 | D:11     | Killed a two-headed ogre
 16664 | D:11     | Noticed a two-headed ogre
 16676 | D:11     | Killed a two-headed ogre
 16677 | D:11     | Reached skill level 3 in Armour
 17088 | D:11     | Reached skill level 7 in Dodging
 17088 | D:11     | Reached skill level 7 in Fire Magic
 17180 | D:11     | Noticed a seven-headed hydra
 17769 | D:11     | Reached skill level 10 in Fighting
 17769 | D:11     | Reached skill level 4 in Armour
 17911 | D:11     | Killed a seven-headed hydra
 17912 | D:11     | Reached XP level 12. HP: 86/106 MP: 7/25
 18170 | D:11     | Reached skill level 8 in Dodging
 18334 | D:11     | Identified the staff of cold "Hutogebe" {rC+ Stlth+}
 18584 | D:11     | You add the spells Sting, Poisonous Vapours and Olgreb's
                  | Toxic Radiance to your library.
 19333 | D:11     | Reached skill level 9 in Dodging
 19665 | D:10     | magus.rc [v1.11.6]
 19670 | D:10     | Learned a level 4 spell: Olgreb's Toxic Radiance
 19676 | D:10     | Learned a level 5 spell: Arcjolt
 19679 | D:10     | magus.rc [v1.11.6]
 19680 | Lair:1   | Entered Level 1 of the Lair of Beasts
 19689 | Lair:1   | Reached skill level 1 in Poison Magic
 19692 | Lair:1   | Reached skill level 7 in Spellcasting
 19692 | Lair:1   | Reached skill level 8 in Fire Magic
 19692 | Lair:1   | Reached skill level 2 in Poison Magic
 20155 | Lair:1   | Reached skill level 3 in Poison Magic
 20721 | Lair:1   | Reached skill level 4 in Poison Magic
 21055 | Lair:1   | Reached skill level 1 in Air Magic
 21281 | Lair:1   | magus.rc [v1.11.6]
 21697 | Lair:2   | Reached skill level 2 in Air Magic
 22212 | Lair:2   | You add the spells Kiss of Death, Confusing Touch and
                  | Dispel Undead to your library.
 22348 | Lair:2   | Noticed a dire elephant
 22367 | Lair:2   | Reached XP level 13. HP: 93/113 MP: 3/28
 22728 | Lair:2   | magus.rc [v1.11.6]
 23070 | Lair:2   | Reached skill level 3 in Air Magic
 23221 | Lair:2   | Noticed Sonja
 23233 | Lair:2   | Killed Sonja
 23234 | Lair:2   | Reached skill level 5 in Poison Magic
 23473 | Lair:2   | You add the spells Iskenderun's Battlesphere, Fireball,
                  | Conjure Ball Lightning and Orb of Destruction to your
                  | library.
 23495 | Lair:2   | magus.rc [v1.11.6]
 23595 | Lair:1   | Learned a level 5 spell: Iskenderun's Battlesphere
 23848 | Lair:2   | Identified the +5 spear of Unacoocw {distort, Dex+3}
 23898 | Lair:2   | Noticed Nergalle
 23917 | Lair:2   | Killed Nergalle
 24109 | Lair:2   | Found a hole to the Spider Nest.
 24219 | Lair:2   | Killed a dire elephant
 24356 | Lair:2   | You add the spells Dazzling Flash, Iskenderun's Mystic
                  | Blast and Starburst to your library.
 24793 | Lair:3   | Reached skill level 4 in Air Magic
 24804 | Lair:3   | Noticed Fannar
 24967 | Lair:3   | Reached skill level 8 in Spellcasting
 25332 | Lair:3   | Reached skill level 10 in Dodging
 25339 | Lair:3   | Reached skill level 11 in Fighting
 25470 | Lair:3   | Reached skill level 5 in Air Magic
 25674 | Lair:3   | Killed Fannar
 26126 | Lair:3   | Found a staircase to the Shoals.
 26338 | Lair:3   | magus.rc [v1.11.6]
 26537 | Lair:4   | Found a staircase to the Slime Pits.
 26562 | Lair:4   | Reached skill level 6 in Air Magic
 26896 | Lair:3   | Reached skill level 7 in Air Magic
 27585 | Lair:4   | Learned a level 4 spell: Iskenderun's Mystic Blast
 27959 | Lair:4   | Reached skill level 8 in Air Magic
 28310 | Lair:5   | Entered Level 5 of the Lair of Beasts
 28318 | Lair:5   | Found a frozen archway.
 28343 | Lair:5   | Reached skill level 1 in Long Blades
 28387 | IceCv    | Entered an ice cave
 28481 | IceCv    | Reached XP level 14. HP: 124/124 MP: 19/30
 28967 | IceCv    | Reached skill level 2 in Long Blades
 29322 | IceCv    | Reached skill level 5 in Stealth
 29920 | IceCv    | Reached skill level 3 in Long Blades
 29958 | IceCv    | Identified the staff of cold "Runaapi" {*Corrode rPois rC+
                  | Dex+2}
 29969 | IceCv    | You add the spells Summon Forest, Summon Mana Viper and
                  | Summon Cactus Giant to your library.
 30219 | Lair:5   | Reached skill level 1 in Shields
 30248 | Lair:5   | Reached skill level 2 in Shields
 30379 | Lair:5   | Reached skill level 3 in Shields
 30387 | Lair:5   | Paralysed by a hornet for 2 turns
 30697 | Lair:5   | Reached skill level 4 in Shields
 31467 | Lair:5   | Reached skill level 9 in Spellcasting
 31839 | Lair:5   | Found a runed translucent door.
 31893 | Lair:5   | Reached skill level 11 in Dodging
 32335 | Lair:5   | Reached skill level 12 in Fighting
 32486 | Lair:5   | Reached skill level 4 in Long Blades
 33067 | D:10     | magus.rc [v1.11.6]
 33224 | D:12     | You add the spells Apportation and Alistair's Intoxication
                  | to your library.
 33252 | D:12     | You add the spells Ignite Poison, Sticky Flame and Ignition
                  | to your library.
 33257 | D:12     | Learned a level 3 spell: Ignite Poison
 33440 | D:12     | Noticed Azrael
 33454 | D:12     | Killed Azrael
 33899 | D:12     | Found a staircase to the Orcish Mines.
 34199 | Orc:1    | Entered Level 1 of the Orcish Mines
 34205 | Orc:1    | Reached XP level 15. HP: 99/130 MP: 15/33
 34417 | Orc:2    | Entered Level 2 of the Orcish Mines
 34519 | Orc:2    | Found a staircase to the Elven Halls.
 34573 | Orc:2    | Reached skill level 5 in Long Blades
 34792 | Orc:1    | You fall into a shaft and drop 1 floor!
 34971 | Orc:1    | Learned a level 2 spell: Blink
 35443 | Orc:2    | Found Vakatz's Assorted Antiques.
 35443 | Orc:2    | Found Panirairgh's Magic Scroll Boutique.
 35445 | Orc:2    | Found Qetil's Antique Weapon Shoppe.
 35445 | Orc:2    | Found Igreinev's Assorted Antiques.
 35454 | Orc:2    | Bought a black potion for 25 gold pieces
 35454 | Orc:2    | Bought a scroll labelled JYBAIRCHACRI for 28 gold pieces
 35454 | Orc:2    | Bought a yellow potion for 25 gold pieces
 35454 | Orc:2    | Bought a warped granite ring for 140 gold pieces
 35454 | Orc:2    | Identified the ring "Fithraq" {rPois rN+ Str+6} (You bought
                  | it in a shop on level 2 of the Orcish Mines)
 35456 | Orc:2    | Bought a scroll of identify for 26 gold pieces
 35456 | Orc:2    | Bought a scroll of identify for 26 gold pieces
 35456 | Orc:2    | Bought a scroll of identify for 26 gold pieces
 35456 | Orc:2    | Bought a scroll of poison for 52 gold pieces
 35989 | Orc:1    | Found Guqell's CLEARANCE SALE!.
 35994 | Orc:1    | Bought a scroll of identify for 16 gold pieces
 36085 | Orc:2    | Bought a faintly humming cloak for 304 gold pieces
 36085 | Orc:2    | Identified the +0 cloak "Ydouza" {Harm Rampage rN+ Int+3}
                  | (You bought it in a shop on level 2 of the Orcish Mines)
 36085 | Orc:2    | Bought a twisted bronze wand for 128 gold pieces
 36188 | D:10     | magus.rc [v1.11.6]
 36366 | D:13     | Noticed Frances
 36378 | D:13     | Killed Frances
 36380 | D:13     | Reached skill level 10 in Spellcasting
 37015 | D:13     | Found a gate to the Vaults.
 37083 | D:13     | Reached skill level 6 in Long Blades
 37172 | D:13     | Reached skill level 12 in Dodging
 38060 | D:14     | Identified the +0 ring mail of Filth {-Cast rPois rC+}
 38063 | D:14     | Found a runed translucent gate.
 38063 | D:14     | Found a runed translucent gate.
 38063 | D:14     | Found a runed translucent gate.
 38063 | D:14     | Noticed a rockslime
 38083 | D:14     | Noticed an acid blob
 38083 | D:14     | Noticed Imiczer's ghost (journeyman FoFi)
 38084 | D:14     | Noticed an azure jelly
 38218 | D:14     | Identified the +3 hand axe of Pain and Death {freeze,
                  | Fragile Str+7 Dex-5 Stlth+}
 38348 | D:15     | Entered Level 15 of the Dungeon
 38379 | D:15     | Identified a scroll of acquirement
 38390 | D:15     | Noticed Louise
 38454 | D:15     | Killed Louise
 38680 | D:15     | Noticed Kirke
 38724 | D:15     | Killed Kirke
 38963 | D:15     | Reached skill level 9 in Conjurations
 39034 | D:15     | Reached skill level 9 in Fire Magic
 39122 | D:15     | Found a staircase to the Depths.
 39217 | D:15     | Noticed Nessos
 39224 | D:15     | Killed Nessos
 39540 | D:15     | Reached XP level 16. HP: 112/141 MP: 17/35
 39804 | D:15     | magus.rc [v1.11.6]
 39902 | D:10     | magus.rc [v1.11.6]
 40148 | Lair:2   | Acquired the +0 cloak of the Lute {SInv}
 40161 | Spider:1 | Entered Level 1 of the Spider Nest
 40741 | Spider:1 | You add the spells Agony and Silence to your library.
 41619 | Spider:1 | Noticed Jorgrun
 41625 | Spider:1 | Killed Jorgrun
 41684 | Spider:1 | Reached skill level 11 in Spellcasting
 42561 | Spider:2 | Reached skill level 13 in Fighting
 42590 | Spider:2 | Reached skill level 7 in Long Blades
 42781 | Spider:2 | magus.rc [v1.11.6]
 43043 | Spider:2 | Reached skill level 13 in Dodging
 43254 | Spider:2 | Noticed Mlioglotl
 43656 | Spider:2 | Reached skill level 10 in Conjurations
 43821 | Spider:1 | Killed Mlioglotl
 43822 | Spider:1 | Reached skill level 10 in Fire Magic
 44947 | Spider:3 | Reached skill level 11 in Fire Magic
 45139 | Spider:3 | Identified the +0 robe of Springtime {Will+ Str+3 Int+3}
 45254 | Spider:4 | Entered Level 4 of the Spider Nest
 45254 | Spider:4 | Noticed Arachne
 45254 | Spider:4 | Noticed Aizul
 45685 | Spider:4 | Reached skill level 14 in Dodging
 45717 | Spider:4 | You add the spells Petrify, Metabolic Englaciation and
                  | Statue Form to your library.
 45731 | Spider:4 | Reached skill level 1 in Translocations
 46045 | Spider:4 | You add the spells Yara's Violent Unravelling and Enfeeble
                  | to your library.
 46055 | Spider:3 | Acquired the Directory of Bruises and Support
 46056 | Spider:3 | You add the spells Animate Armour, Irradiate and Summon
                  | Horrible Things to your library.
 46069 | Spider:4 | Identified the +3 halberd "Killer Klown's Death" {heavy,
                  | rPois SInv}
 46097 | Spider:4 | Reached XP level 17. HP: 149/149 MP: 30/37
 46832 | Spider:4 | Found a runed translucent door.
 46832 | Spider:4 | Noticed phunky83's ghost (adept DsHu)
 46913 | Spider:4 | Killed Arachne
 47188 | Spider:4 | Reached skill level 12 in Spellcasting
 47257 | Spider:4 | Killed Aizul
 47508 | Spider:4 | Reached skill level 12 in Fire Magic
 47793 | Spider:4 | Identified the scarf "Osianua" {shadows, Harm +Blink Fly
                  | Regen+}
 47796 | Spider:4 | Got a gossamer rune of Zot
 48563 | Lair:3   | magus.rc [v1.11.6]
 48570 | Lair:3   | Learned a level 6 spell: Plasma Beam
 49128 | Shoals:1 | Entered Level 1 of the Shoals
 49164 | Lair:3   | magus.rc [v1.11.6]
 50065 | Shoals:1 | Noticed Donald
 50110 | Shoals:1 | Killed Donald
 51656 | Shoals:2 | You add the spells Frozen Ramparts, Ice Form and Summon Ice
                  | Beast to your library.
 51687 | Shoals:2 | Reached skill level 5 in Shields
 51791 | Shoals:2 | You add the spell Passage of Golubria to your library.
 52112 | Shoals:3 | Reached skill level 13 in Spellcasting
 52124 | Shoals:3 | Reached skill level 13 in Fire Magic
 52449 | Shoals:3 | Noticed Ilsuiw
 52455 | Shoals:3 | Killed Ilsuiw
 53462 | Shoals:4 | Entered Level 4 of the Shoals
 53495 | Shoals:4 | Reached XP level 18. HP: 151/157 MP: 6/40
 53503 | Shoals:4 | Reached skill level 14 in Fire Magic
 54799 | Shoals:4 | You add the spells Animate Dead, Borgnjor's Vile Clutch and
                  | Death Channel to your library.
 55023 | Shoals:4 | Identified the +3 mace of Honour {elec, rPois}
 55061 | Shoals:4 | Got a barnacled rune of Zot
 55131 | Shoals:4 | You add the spells Passwall and Dispersal to your library.
 55131 | Shoals:4 | Got the Writings on the Mutated Vector
 56092 | D:10     | magus.rc [v1.11.6]
 56172 | Elf:1    | Entered Level 1 of the Elven Halls
 56596 | Elf:1    | Found Eluh's Weapon Boutique.
 56614 | Elf:1    | You add the spells Ensorcelled Hibernation, Spider Form and
                  | Anguish to your library.
 57026 | Elf:1    | Reached skill level 9 in Air Magic
 57028 | Elf:1    | Reached skill level 6 in Stealth
 57118 | Elf:1    | Identified the +1 plate armour "Cueluo" {Int+3}
 57410 | Elf:1    | Identified the +1 robe "Jeseh" {+Blink Fly rF- Slay-5}
 57836 | Elf:2    | Gained mutation: Your spells are a little easier to cast,
                  | but a little less powerful. [a neqoxec]
 58536 | Elf:2    | Reached skill level 8 in Long Blades
 58751 | Elf:2    | Reached skill level 15 in Fire Magic
 58882 | Elf:2    | Found a runed translucent gate.
 58882 | Elf:2    | Found a runed translucent gate.
 58882 | Elf:2    | Found a runed translucent gate.
 59012 | Elf:2    | Reached skill level 6 in Shields
 59298 | Elf:2    | Reached skill level 1 in Transmutations
 59580 | Elf:3    | Entered Level 3 of the Elven Halls
 59596 | Elf:3    | Reached XP level 19. HP: 165/165 MP: 21/42
 60058 | Elf:3    | You add the spell Eringya's Noxious Bog to your library.
 60711 | Elf:3    | Reached skill level 2 in Transmutations
 61173 | Elf:3    | Identified the +7 battleaxe of the Meager God {heavy, rN+}
 61585 | Elf:3    | Identified the +1 halberd "Uthre Nie" {protect, Fly rElec}
 61599 | Elf:3    | You add the spells Call Canine Familiar and Leda's
                  | Liquefaction to your library.
 61601 | Elf:3    | Identified the +9 great sword "Houj" {antimagic, Contam
                  | Str+3 Int+3 Dex+2}
 61601 | Elf:3    | Identified the +3 leather armour of Meager Leaves {rN+
                  | Regen+ Str-3 Dex+3}
 61603 | Elf:3    | Identified the +2 shortbow of Death {drain, Will++ Int-4
                  | Dex-4 SInv}
 61605 | Elf:3    | Identified the +0 plate armour "Ropsewka" {rElec rPois rF++
                  | Int-3}
 61607 | Elf:3    | Identified the staff of death "Venloz" {rF+ rC+ rN+ Int-3}
 61609 | Elf:3    | You add the spell Discord to your library.
 61611 | Elf:3    | You add the spell Sublimation of Blood to your library.
 61619 | Elf:3    | Identified the +1 robe of Duck's Teeth {Str+2 Int+4}
 61622 | Elf:3    | Identified the +3 buckler of the Snail {Harm Will+ Regen+}
 61661 | Elf:3    | Identified the staff of fire "Xiagacs" {+Blink rF+}
 61675 | Elf:3    | Identified the +4 ring mail of Servitude {Str+2 Dex+3}
 62367 | D:14     | Killed Imiczer's ghost
 62623 | D:10     | magus.rc [v1.11.6]
 62698 | Vaults:1 | Entered Level 1 of the Vaults
 62700 | Vaults:1 | magus.rc [v1.11.6]
 62763 | Vaults:1 | You add the spells Summon Lightning Spire, Storm Form and
                  | Maxwell's Capacitive Coupling to your library.
 62771 | Vaults:1 | You add the spells Stone Arrow and Lehudib's Crystal Spear
                  | to your library.
 62814 | Vaults:1 | Reached skill level 7 in Shields
 62961 | Vaults:1 | Reached skill level 14 in Fighting
 63464 | Vaults:1 | Reached skill level 16 in Fire Magic
 63695 | Vaults:1 | Reached skill level 15 in Dodging
 64233 | Vaults:1 | You add the spells Necrotise and Vampiric Draining to your
                  | library.
 64277 | Vaults:1 | Reached skill level 14 in Spellcasting
 64461 | Vaults:1 | Reached skill level 5 in Armour
 64695 | Vaults:1 | magus.rc [v1.11.6]
 65115 | Vaults:2 | Found a staircase to the Crypt.
 65539 | Vaults:2 | Reached skill level 8 in Shields
 65744 | Vaults:2 | Found Urrulan's Book Emporium.
 65859 | Vaults:2 | magus.rc [v1.11.6]
 65919 | Vaults:2 | magus.rc [v1.11.6]
 66477 | Vaults:2 | Reached XP level 20. HP: 174/174 MP: 31/43
 67059 | Vaults:3 | magus.rc [v1.11.6]
 67114 | Vaults:3 | You fall into a shaft and drop 1 floor!
 67145 | Vaults:4 | Reached skill level 6 in Armour
 67380 | Vaults:4 | Found a crumbling gateway.
 67397 | Vaults:4 | Learned a level 5 spell: Irradiate
 67399 | Vaults:4 | Learned a level 1 spell: Apportation
 67400 | Desolati | Entered the Desolation of Salt
 67675 | Vaults:4 | Reached skill level 9 in Shields
 67696 | Vaults:4 | magus.rc [v1.11.6]
 69145 | Vaults:3 | Reached skill level 3 in Transmutations
 69716 | Vaults:3 | You add the spells Ozocubu's Armour and Ozocubu's
                  | Refrigeration to your library.
 69868 | Vaults:3 | magus.rc [v1.11.6]
 69907 | Vaults:4 | Noticed Bai Suzhen
 69973 | Vaults:4 | Killed Bai Suzhen
 70215 | Vaults:4 | Reached skill level 10 in Air Magic
 70224 | Vaults:4 | Reached skill level 17 in Fire Magic
 70288 | Vaults:4 | magus.rc [v1.11.6]
 70545 | Vaults:4 | Reached skill level 11 in Conjurations
 70559 | Vaults:4 | Reached skill level 4 in Transmutations
 71298 | Slime:1  | Entered Level 1 of the Pits of Slime
 72564 | Spider:4 | Killed phunky83's ghost
 73004 | D:15     | magus.rc [v1.11.6]
 73005 | Depths:1 | Entered Level 1 of the Depths
 73136 | D:15     | Reached skill level 10 in Shields
 73171 | Depths:1 | Reached XP level 21. HP: 183/183 MP: 15/45
 73242 | Depths:1 | Found a gateway to Hell.
 73256 | Depths:1 | Identified the +5 quarterstaff of the Final Decision
                  | {spect, Will+ Str+2}
 73479 | Depths:1 | Learned a level 5 spell: Yara's Violent Unravelling
 73592 | Depths:1 | Reached skill level 5 in Transmutations
 74104 | Depths:1 | Reached skill level 15 in Fighting
 74850 | Orc:2    | Bought a dazzling mace for 176 gold pieces
 74850 | Orc:2    | Identified the +2 mace of the Beast {freeze, Int+5} (You
                  | bought it in a shop on level 2 of the Orcish Mines)
 74966 | Depths:1 | magus.rc [v1.11.6]
 75210 | Depths:2 | Found a one-way gateway to a ziggurat.
 75380 | Depths:2 | magus.rc [v1.11.6]
 75486 | Depths:2 | Found a one-way gate to the infinite horrors of the Abyss.
 75781 | Depths:2 | Found a one-way gate leading to the halls of Pandemonium.
 75938 | Depths:2 | Reached skill level 15 in Spellcasting
 76477 | Depths:2 | Noticed a juggernaut
 76648 | Depths:2 | Reached skill level 11 in Shields
 76736 | Depths:2 | Noticed a juggernaut
 76753 | Depths:2 | Killed a juggernaut
 76881 | Depths:2 | Reached skill level 12 in Conjurations
 77157 | Depths:2 | Gained mutation: Your body sometimes deteriorates upon
                  | taking damage. [mutagenic glow]
 77376 | Depths:2 | Noticed a golden dragon
 77389 | Depths:2 | Killed a golden dragon
 77896 | Depths:2 | You add the spells Cause Fear, Dragon Form and Dragon's
                  | Call to your library.
 77972 | Depths:2 | Killed a juggernaut
 77973 | Depths:2 | Reached skill level 18 in Fire Magic
 78125 | Depths:2 | magus.rc [v1.11.6]
 78381 | Depths:3 | Noticed Frederick
 78385 | Depths:3 | Killed Frederick
 78386 | Depths:3 | Reached skill level 12 in Shields
 78995 | Depths:3 | Noticed a golden dragon
 79003 | Depths:3 | Killed a golden dragon
 79390 | Depths:2 | magus.rc [v1.11.6]
 79454 | Depths:3 | Reached XP level 22. HP: 155/191 MP: 29/47
 79846 | Depths:3 | Acquired the +1 pair of boots "Hiamoudwo" {Rampage Fly rC+
                  | rCorr Int+2}
 80255 | Depths:3 | Identified the amulet of Past Mistakes {rC+ Regen+ Str+2
                  | SInv}
 80535 | Depths:3 | Reached skill level 13 in Shields
 80698 | Depths:4 | Entered Level 4 of the Depths
 80806 | Depths:3 | Reached skill level 13 in Conjurations
 82623 | Depths:4 | Found a gate to the Realm of Zot.
 82691 | Depths:4 | You add the spell Lee's Rapid Deconstruction to your
                  | library.
 83047 | Slime:1  | magus.rc [v1.11.6]
 83277 | Slime:2  | You are sucked into a shaft and drop 1 floor!
 83304 | Slime:3  | Reached skill level 16 in Fighting
 84220 | Slime:4  | Reached skill level 14 in Shields
 84571 | Slime:4  | Learned a level 8 spell: Ignition
 84572 | Slime:5  | Entered Level 5 of the Pits of Slime
 84691 | Slime:5  | Noticed the Royal Jelly
 84827 | Slime:5  | Gained mutation: Your spells are easier to cast, but less
                  | powerful. [a shining eye]
 84834 | Slime:5  | Gained mutation: You are dopey. (Int -2) [a shining eye]
 85639 | Slime:5  | Killed the Royal Jelly
 85732 | Slime:5  | You add the spell Summon Small Mammal to your library.
 85744 | Slime:5  | Identified the +8 quarterstaff "Orb Guardian's Death"
                  | {freeze, *Slow +Blink rF+ Will+ SInv}
 85755 | Slime:5  | Identified the +1 trident of Fatigue {heavy, rC++ rN+
                  | rCorr}
 85767 | Slime:5  | Identified the +3 scale mail "Morec" {*Slow rPois rC+}
 85803 | Slime:5  | Identified the +9 quarterstaff of the Forest {freeze, rN+
                  | SInv}
 85805 | Slime:5  | You add the spells Chain Lightning, Fire Storm and Shatter
                  | to your library.
 85807 | Slime:5  | You add the spells Freeze and Hailstorm to your library.
 85808 | Slime:5  | Identified the +7 short sword "Newtslayer" {protect, rElec
                  | rPois rCorr Str-3}
 85822 | Slime:5  | Identified the +3 chain mail of Dogmatism {rC- Str+2 SInv}
 85823 | Slime:5  | Identified the +5 dire flail of Trauma {heavy, rC+ Will+
                  | Dex-3}
 85827 | Slime:5  | Got a slimy rune of Zot
 86070 | Slime:5  | magus.rc [v1.11.6]
 86625 | Crypt:1  | Entered Level 1 of the Crypt
 86899 | Crypt:1  | You are sucked into a shaft and drop 1 floor!
 87594 | Crypt:2  | Reached XP level 23. HP: 203/203 MP: 35/48
 87878 | Crypt:2  | Noticed a curse skull
 87883 | Crypt:2  | Noticed a curse skull
 87885 | Crypt:2  | Killed a curse skull
 88114 | Crypt:2  | Acquired the ring "Koim" {rElec rF- EV+5 Int+3}
 88318 | Crypt:1  | Reached skill level 1 in Necromancy
 88768 | Crypt:1  | Reached skill level 15 in Shields
 88888 | Crypt:1  | Noticed Grunn
 88894 | Crypt:1  | Killed Grunn
 88969 | Crypt:1  | Reached skill level 14 in Conjurations
 89178 | Crypt:1  | Reached skill level 2 in Necromancy
 89868 | Crypt:2  | Killed a curse skull
 90015 | Crypt:2  | Identified the +2 robe of Absolutism {Harm rN+}
 90109 | Crypt:3  | Entered Level 3 of the Crypt
 90528 | Crypt:3  | Noticed a curse skull
 90533 | Crypt:3  | Killed a curse skull
 90736 | Crypt:3  | Reached skill level 3 in Necromancy
 91644 | Crypt:3  | Reached skill level 16 in Spellcasting
 91664 | Crypt:3  | Noticed a curse toe
 91922 | Crypt:2  | magus.rc [v1.11.6]
 91930 | Crypt:3  | Killed a curse toe
 91931 | Crypt:3  | Reached skill level 19 in Fire Magic
 91986 | Crypt:3  | Found a staircase to the Tomb.
 92043 | Crypt:3  | You add the spell Cigotuvi's Dreadful Rot to your library.
 92046 | Crypt:3  | Identified the +0 pair of boots "Irypeym" {Drain rElec
                  | Str+3 Dex+9}
 92089 | Crypt:3  | Identified the +3 robe "Ipso" {+Inv rF+ Stlth+}
 92090 | Crypt:3  | Identified the ring of the King {rN+ MP+9 Stlth+}
 92090 | Crypt:3  | Identified the ring "Fiubb" {+Blink rPois rN+ Int+2}
 92090 | Crypt:3  | Identified the ring "Logiutod" {rN+ Int-3 Dex+4 Slay+2}
 92091 | Crypt:3  | Identified the ring "Tuawevouh" {Drain rF+ rN+ rCorr Int+4}
 92284 | Vaults:2 | magus.rc [v1.11.6]
 92564 | Depths:3 | Voluntarily entered the Abyss.
 92725 | Abyss:1  | Reached skill level 4 in Necromancy
 93052 | Abyss:1  | Reached skill level 17 in Fighting
 93430 | Depths:3 | You pass through the gate.
 93430 | Depths:3 | Escaped the Abyss
 93480 | Depths:3 | Lost mutation: Your body sometimes deteriorates upon taking
                  | damage. [potion of mutation]
 93480 | Depths:3 | Lost mutation: Your spells are easier to cast, but less
                  | powerful. [potion of mutation]
 93480 | Depths:3 | Gained mutation: You are somewhat resistant to further
                  | mutation. [potion of mutation]
 93480 | Depths:3 | Gained mutation: Your natural rate of healing is unusually
                  | fast. [potion of mutation]
 93482 | Depths:3 | Voluntarily entered the Abyss.
 93743 | Abyss:3  | Reached skill level 15 in Conjurations
 93927 | Abyss:3  | Lost mutation: You are somewhat resistant to further
                  | mutation. [a neqoxec]
 93948 | Abyss:3  | magus.rc [v1.11.6]
 94200 | Abyss:3  | Noticed a dread lich
 94203 | Depths:3 | You pass through the gate.
 94203 | Depths:3 | Escaped the Abyss
 94244 | Depths:3 | Voluntarily entered the Abyss.
 94390 | Abyss:3  | Noticed a juggernaut
 94393 | Abyss:3  | Killed a juggernaut
 94451 | Abyss:3  | Got an abyssal rune of Zot
 94792 | Abyss:3  | Noticed an ancient lich
 94796 | Abyss:3  | Killed an ancient lich
 94805 | Depths:3 | You pass through the gate.
 94805 | Depths:3 | Escaped the Abyss
 94865 | Zot:1    | Entered Level 1 of the Realm of Zot
 94872 | Zot:1    | Reached XP level 24. HP: 161/214 MP: 33/50
 94873 | Zot:1    | Reached skill level 17 in Spellcasting
 94992 | Zot:1    | magus.rc [v1.11.6]
 95146 | Zot:1    | Reached skill level 16 in Dodging
 95146 | Zot:1    | Reached skill level 16 in Shields
 95171 | Zot:1    | Noticed an electric golem
 95192 | Zot:1    | Killed an electric golem
 96204 | Zot:1    | Noticed an electric golem
 96236 | Zot:1    | Killed an electric golem
 96427 | Zot:1    | quicksilver dragon scales {rare}; a quicksilver dragon
                  | corpse
 96427 | Zot:1    | Q - quicksilver dragon scales {rare}
 96442 | Zot:1    | Identified the +0 robe of the Lute {rPois Dex+4}
 96677 | Depths:4 | magus.rc [v1.11.6]
 96962 | Vaults:4 | Learned a level 6 spell: Death Channel
 96966 | Vaults:5 | Entered Level 5 of the Vaults
 96970 | Vaults:5 | Reached skill level 9 in Long Blades
 96971 | Vaults:5 | Noticed an ancient lich
 96981 | Vaults:5 | Killed an ancient lich
 97004 | Vaults:5 | Reached skill level 16 in Conjurations
 97087 | Vaults:5 | Noticed an ancient lich
 97101 | Vaults:5 | Reached skill level 20 in Fire Magic
 97105 | Vaults:5 | Killed an ancient lich
 97106 | Vaults:5 | Reached skill level 18 in Spellcasting
 97214 | Vaults:5 | Noticed a dread lich
 97221 | Vaults:5 | Killed a dread lich
 97308 | Vaults:5 | Reached XP level 25. HP: 221/221 MP: 36/51
 97357 | Vaults:5 | Reached skill level 17 in Conjurations
 97695 | Vaults:5 | Identified +0 gold dragon scales
 97772 | Vaults:5 | Noticed a dread lich
 97777 | Vaults:5 | Killed a dread lich
 97818 | Vaults:5 | +0 gold dragon scales {rare}; a golden dragon corpse
 97835 | Vaults:5 | Found the +10 zealot's sword {holy, Zealotry, *Rage rN+
                  | EV+3}
 97842 | Vaults:5 | You add the spell Monstrous Menagerie to your library.
 97842 | Vaults:5 | Got Logaisi's Secrets of Amassed Causimancy
 97846 | Vaults:5 | Got a silver rune of Zot
 97849 | Vaults:5 | Identified the +0 broad axe "Bior" {venom, rPois rF+}
 97923 | Vaults:5 | Identified the staff of death "Jeses" {rN+ rCorr Dex+3}
 97925 | Vaults:5 | You drop quicksilver dragon scales {rare}.
 98043 | Vaults:5 | You add the spell Summon Guardian Golem to your library.
 98480 | Vaults:5 | Got Toteoju's Reference Book on the Transmuted Gang
 98482 | Vaults:5 | You add the spell Simulacrum to your library.
 99152 | Vaults:5 | magus.rc [v1.11.6]
 99152 | Vaults:5 | magus.rc [v1.11.6]
 99356 | Hell     | Entered the Vestibule of Hell
 99356 | Hell     | Noticed Geryon
 99507 | Hell     | Killed Geryon
 99719 | Orc:2    | Bought a scroll of immolation for 52 gold pieces
 99719 | Orc:2    | Bought a scroll of immolation for 52 gold pieces
 99719 | Orc:2    | Bought a scroll of silence for 123 gold pieces
 99722 | Orc:2    | Bought an ivory quarterstaff for 198 gold pieces
 99722 | Orc:2    | Identified the +9 quarterstaff "Zieto" {vamp, rF+ MP+9
                  | Stlth+} (You bought it in a shop on level 2 of the Orcish
                  | Mines)
 99840 | Orc:1    | Bought a wand of iceblast (3) for 57 gold pieces
100462 | Vaults:5 | I - quicksilver dragon scales {rare}
100473 | Vaults:5 | You finish putting on your quicksilver dragon scales
                  | {rare}.
101203 | Depths:2 | Learned a level 7 spell: Orb of Destruction
101434 | Zot:1    | Identified +0 gold dragon scales
101553 | Zot:1    | +0 gold dragon scales {rare}; a golden dragon corpse
101594 | Zot:2    | Reached skill level 18 in Conjurations
102279 | Zot:2    | Reached skill level 5 in Necromancy
103561 | Zot:2    | Reached skill level 7 in Armour
103572 | Zot:2    | Reached skill level 6 in Transmutations
103839 | Zot:2    | Reached skill level 6 in Necromancy
104239 | Zot:2    | Found the +4 dragonskin cloak
104239 | Zot:2    | Tiamat, Avatar of the Dragonlord comes into view. She is
                  | wielding a +1 glaive of protection and wearing the +4
                  | dragonskin cloak.
104239 | Zot:2    | Noticed Tiamat
105315 | Zot:2    | Noticed an electric golem
105407 | Zot:2    | Tiamat is wielding a +1 glaive of protection and wearing
                  | the +4 dragonskin cloak.
105439 | Zot:2    | Aim: Tiamat, wielding a +1 glaive of protection and wearing
                  | the +4 dragonskin cloak
105439 | Zot:2    | Aim: Tiamat, wielding a +1 glaive of protection and wearing
                  | the +4 dragonskin cloak
105818 | Zot:2    | Reached skill level 18 in Fighting
106089 | Zot:2    | Aim: Tiamat, wielding a +1 glaive of protection and wearing
                  | the +4 dragonskin cloak (lightly wounded)
106089 | Zot:2    | Aim: Tiamat, wielding a +1 glaive of protection and wearing
                  | the +4 dragonskin cloak (lightly wounded)
106090 | Zot:2    | Aim: Tiamat, wielding a +1 glaive of protection and wearing
                  | the +4 dragonskin cloak (lightly wounded)
106090 | Zot:2    | Aim: Tiamat, wielding a +1 glaive of protection and wearing
                  | the +4 dragonskin cloak (lightly wounded)
106312 | Zot:2    | Aim: Tiamat, wielding a +1 glaive of protection and wearing
                  | the +4 dragonskin cloak
106312 | Zot:2    | Aim: Tiamat, wielding a +1 glaive of protection and wearing
                  | the +4 dragonskin cloak
106313 | Zot:2    | Aim: Tiamat, wielding a +1 glaive of protection and wearing
                  | the +4 dragonskin cloak (catching her breath, ally target)
106313 | Zot:2    | Aim: Tiamat, wielding a +1 glaive of protection and wearing
                  | the +4 dragonskin cloak (catching her breath, ally target)
106314 | Zot:2    | Aim: Tiamat, wielding a +1 glaive of protection and wearing
                  | the +4 dragonskin cloak (catching her breath, ally target)
106314 | Zot:2    | Aim: Tiamat, wielding a +1 glaive of protection and wearing
                  | the +4 dragonskin cloak (catching her breath, ally target)
106315 | Zot:2    | Aim: Tiamat, wielding a +1 glaive of protection and wearing
                  | the +4 dragonskin cloak (lightly wounded, catching her
                  | breath, ally target)
106315 | Zot:2    | Aim: Tiamat, wielding a +1 glaive of protection and wearing
                  | the +4 dragonskin cloak (lightly wounded, catching her
                  | breath, ally target)
106316 | Zot:2    | Aim: Tiamat, wielding a +1 glaive of protection and wearing
                  | the +4 dragonskin cloak (moderately wounded, catching her
                  | breath, ally target)
106316 | Zot:2    | Aim: Tiamat, wielding a +1 glaive of protection and wearing
                  | the +4 dragonskin cloak (moderately wounded, catching her
                  | breath, ally target)
106317 | Zot:2    | Aim: Tiamat, wielding a +1 glaive of protection and wearing
                  | the +4 dragonskin cloak (heavily wounded)
106317 | Zot:2    | Aim: Tiamat, wielding a +1 glaive of protection and wearing
                  | the +4 dragonskin cloak (heavily wounded)
106333 | Zot:2    | Killed Tiamat
107178 | Zot:2    | Reached skill level 7 in Necromancy
107284 | Zot:2    | quicksilver dragon scales {rare}; a quicksilver dragon
                  | corpse
107421 | Zot:2    | Killed an electric golem
107457 | Zot:2    | quicksilver dragon scales {rare}; a quicksilver dragon
                  | skeleton
107591 | Zot:2    | quicksilver dragon scales {rare}; a quicksilver dragon
                  | skeleton
107754 | Zot:2    | Noticed a curse toe
107894 | Zot:2    | +0 storm dragon scales {rare}; a storm dragon corpse
107915 | Zot:2    | +0 storm dragon scales {rare}; a storm dragon corpse
107987 | Zot:2    | +0 storm dragon scales {rare}; a storm dragon corpse
107998 | Zot:2    | +0 storm dragon scales {rare}; a storm dragon corpse
108011 | Zot:2    | +0 storm dragon scales {rare}; a storm dragon corpse
108213 | Zot:2    | +0 storm dragon scales {rare}; a storm dragon skeleton
108553 | Zot:2    | Killed a curse toe
108554 | Zot:2    | Reached skill level 17 in Dodging
108834 | Zot:3    | Reached skill level 19 in Fighting
109232 | Zot:3    | Identified +0 gold dragon scales
109897 | Zot:3    | Reached XP level 26. HP: 236/236 MP: 18/51
110481 | Zot:3    | magus.rc [v1.11.6]
110814 | Zot:4    | Reached skill level 18 in Dodging
111497 | Zot:4    | Noticed a curse toe
111720 | Zot:4    | Noticed a curse toe
111741 | Zot:3    | Learned a level 5 spell: Borgnjor's Vile Clutch
111854 | Zot:4    | Noticed Galthrax's ghost (legendary GnCj)
111939 | Zot:4    | Identified the +2 cloak of Spring Thaw {rElec Regen+ Int-5}
111969 | Zot:4    | Found a transporter.
111974 | Zot:4    | Found a transporter.
112098 | Zot:4    | Reached skill level 1 in Earth Magic
112343 | Zot:4    | Killed a curse toe
112422 | Zot:4    | Killed a curse toe
112738 | Zot:4    | Identified the +0 cloak "Yduges" {MP+9 Dex+3}
112796 | Zot:5    | Entered Level 5 of the Realm of Zot
112831 | Zot:5    | Reached skill level 2 in Earth Magic
115269 | Zot:5    | Noticed an orb of fire
115537 | Zot:5    | Gained mutation: You are very dopey. (Int -4) [an orb of
                  | fire]
115541 | Zot:5    | Killed an orb of fire
115635 | Zot:5    | Noticed a dread lich
115743 | Zot:5    | Noticed an electric golem
115750 | Zot:5    | Killed an electric golem
115805 | Zot:5    | Killed a dread lich
116029 | Zot:5    | Noticed an orb of fire
116033 | Zot:5    | Lost mutation: Your natural rate of healing is unusually
                  | fast. [an orb of fire]
116033 | Zot:5    | Killed an orb of fire
116085 | Zot:5    | Noticed an ancient lich
116089 | Zot:5    | Killed an ancient lich
116201 | Zot:5    | Noticed an ancient lich
116207 | Zot:5    | Killed an ancient lich
116477 | Zot:5    | Noticed a dread lich
116506 | Zot:5    | Killed a dread lich
116647 | Zot:5    | Noticed a dread lich
116663 | Zot:5    | Killed a dread lich
116944 | Zot:5    | Reached skill level 10 in Long Blades
117074 | Zot:5    | Reached skill level 20 in Fighting
117117 | Zot:5    | Reached skill level 8 in Necromancy
117632 | Zot:5    | magus.rc [v1.11.6]
117645 | Zot:5    | Lost mutation: Your spells are a little easier to cast, but
                  | a little less powerful. [potion of mutation]
117645 | Zot:5    | Lost mutation: You are very dopey. (Int -4) [potion of
                  | mutation]
117645 | Zot:5    | Gained mutation: You expend magic power (3 MP) to
                  | strengthen your wands. [potion of mutation]
117645 | Zot:5    | Gained mutation: Your system is resistant to poisons.
                  | (rPois) [potion of mutation]
117687 | Zot:5    | Noticed an electric golem
117701 | Zot:5    | Killed an electric golem
117731 | Zot:5    | Noticed an ancient lich
117737 | Zot:5    | Killed an ancient lich
118263 | Zot:5    | magus.rc [v1.11.6]
118263 | Zot:5    | Got the Orb of Zot
118760 | D:4      | Noticed Deskiwn the pandemonium lord
118787 | D:4      | Noticed Gicy the pandemonium lord
118875 | D:$      | Escaped with the Orb!

Vanquished Creatures
  the Royal Jelly (Slime:5)
  Tiamat (Zot:2)
  5 dread liches
  5 ancient liches
  2 orbs of fire (Zot:5)
  3 juggernauts
  6 Killer Klowns
  Bai Suzhen (Vaults:4)
  4 curse toes
  Frederick (Depths:3)
  Geryon (Hell)
  2 bone dragons
  11 golden dragons
  3 doom hounds (Crypt:1)
  5 electric golems
  Arachne (Spider:4)
  A walking earthen tome (Depths:2)
  Jorgrun (Spider:1)
  2 hellephants
  A walking crystal tome (Depths:2)
  17 tentacled monstrosities
  Grunn (Crypt:1)
  5 liches
  Mlioglotl (Spider:1)
  26 Orb Guardians
  3 walking frostbound tomes
  2 deep elf master archers (Elf:3)
  7 titans
  21 acid blobs
  4 deep elf blademasters (Elf:3)
  9 quicksilver dragons
  An Executioner (D:8)
  Frances (D:13)
  13 death cobs
  6 sphinxes
  10 ancient champions
  Kirke (D:15)
  4 tentacled starspawn
  15 storm dragons
  14 shadow dragons
  5 tengu reavers
  8 deep elf sorcerers
  4 revenants
  Donald (Shoals:1)
  14 azure jellies
  12 draconian monks
  3 draconian knights
  The ghost of phunky83 the Marksdemonspawn, an adept DsHu of Okawaru (Spider:4)
  Ilsuiw (Shoals:3)
  A daeva (Abyss:3)
  11 rockslimes
  13 fire giants
  5 draconian scorchers
  6 frost giants
  11 vault wardens
  A balrug (Depths:1)
  3 orc warlords
  Louise (D:15)
  3 iron dragons
  8 ghost moths
  Aizul (Spider:4)
  An angel (Abyss:3)
  3 emperor scorpions
  8 draconian shifters
  5 deep elf elementalists (Elf:3)
  3 caustic shrike skeletons
  3 curse skulls
  9 draconian stormcallers
  4 spriggan defenders
  10 draconian annihilators
  The ghost of Imiczer the Cleaver, a journeyman FoFi of Okawaru (D:14)
  14 quicksilver oozes
  31 very ugly things
  9 ironbound thunderhulks
  16 ironbound preservers
  6 reapers
  2 ophanim (Abyss:3)
  5 ghouls (Crypt:3)
  Nessos (D:15)
  18 stone giants
  12 black draconians
  7 broodmothers
  5 deep elf annihilators (Elf:3)
  6 deep elf demonologists
  An eleionoma (shapeshifter) (Depths:3)
  25 red draconians
  12 yellow draconians
  13 vampire knights
  15 green draconians
  A lorocyproca (Hell)
  17 purple draconians
  14 white draconians
  Azrael (D:12)
  5 spark wasps (Depths:2)
  4 dire elephants
  11 eidola
  5 fire dragons
  2 blizzard demons
  6 deep elf death magi
  An iron golem (Depths:2)
  A mummy priest (Crypt:3)
  15 ettins
  Josephine (D:11)
  6 great orbs of eyes
  A quicksilver dragon zombie (Crypt:1)
  7 merfolk impalers
  6 merfolk javelineers
  11 jiangshi
  2 ragged hierophants (Desolation)
  14 yaktaur captains
  8 deep elf high priests
  A caustic shrike simulacrum (Hell)
  Fannar (Lair:3)
  7 entropy weavers
  8 hydras
  10 ice dragons
  39 vault guards
  2 peacekeepers
  A spriggan air mage (Depths:3)
  An Orb Guardian zombie (Crypt:2)
  A spriggan zombie (Crypt:3)
  2 rakshasas (Depths:3)
  2 servants of whispers
  3 jorogumos
  A fenstrider witch skeleton (Crypt:2)
  11 ironbound frosthearts
  3 alligator snapping turtles
  3 merfolk avatars (Shoals:4)
  3 ogre magi (Vaults:5)
  6 merfolk aquamancers
  3 deep troll shamans
  10 centaur warriors
  7 boulder beetles
  4 satyrs
  11 tengu warriors
  9 death yaks
  3 radroaches
  A death knight (D:14)
  23 dancing weapons
  6 hell hogs
  8 two-headed ogres
  4 deep troll earth magi
  9 vampire magi
  5 thrashing horrors
  Sonja (Lair:2)
  8 orc high priests
  14 spriggan berserkers
  15 deep elf knights
  2 sun demons
  17 hell knights
  2 sixfirhies
  A fire crab (Lair:2)
  Nergalle (Lair:2)
  5 skeletal warriors
  8 skysharks
  3 iron trolls
  6 wretched stars
  A sun moth (Spider:4)
  4 pharaoh ants
  2 shadow wraiths (Crypt:3)
  A ghost moth zombie (Crypt:1)
  12 sea snakes
  2 cherubim (Abyss:3)
  A bunyip skeleton (Crypt:3)
  2 glowing orange brains (shapeshifter)
  13 flayed ghosts
  31 deep trolls
  18 ironbound convokers
  13 orb spiders
  2 tengu zombies (D:15)
  2 shadow demons (Depths:3)
  13 wizards
  7 spectral wolf spiders (Spider:3)
  7 steelbarb worms
  A bog body (Crypt:3)
  13 orc knights
  10 lindwurms
  A fenstrider witch simulacrum (Abyss:3)
  9 glowing orange brains
  13 deep elf archers
  16 harpies
  2 phantasmal warriors
  A wolf spider zombie (Spider:3)
  33 deep elf pyromancers
  An oklob plant (Shoals:3)
  23 deep elf zephyrmancers
  27 wolf spiders
  8 necromancers
  33 moths of wrath
  9 cyclopes
  A salamander (Depths:2)
  11 fauns
  45 ugly things
  4 orc sorcerers
  6 shining eyes
  A fire giant zombie (Crypt:2)
  3 worldbinders (Abyss:3)
  9 merfolk sirens
  14 manticores
  A guardian serpent (Lair:5)
  30 elephants
  A rust devil (Depths:2)
  20 vault sentinels
  An eye of devastation (shapeshifter) (Vaults:5)
  3 eyes of devastation
  2 black mambas (shapeshifter)
  A stone giant skeleton (Crypt:2)
  15 cane toads
  7 smoke demons
  3 gargoyles
  9 torpor snails
  A water nymph (shapeshifter) (Depths:2)
  6 molten gargoyles
  8 black mambas
  5 water nymphs
  2 ice statues
  10 demonic crawlers
  A pale draconian zombie (Crypt:2)
  A grey draconian zombie (Crypt:1)
  21 yaktaurs
  5 kobold demonologists
  2 unseen horrors (D:11)
  A tormentor (Depths:2)
  An iron troll zombie (Crypt:1)
  5 rime drakes
  A hellion (Abyss:3)
  A white draconian skeleton (Crypt:2)
  7 komodo dragons
  An ice devil (Hell)
  4 efreet
  4 freezing wraiths
  A bunyip simulacrum (Hell)
  6 meliai
  5 tengu conjurers
  6 trolls
  3 guardian mummies (Crypt:3)
  4 red devils
  A merfolk (shapeshifter) (Vaults:5)
  A red draconian skeleton (Crypt:2)
  A meliai (shapeshifter) (Vaults:5)
  A troll (shapeshifter) (Elf:3)
  A wind drake (shapeshifter) (Elf:2)
  An unseen horror skeleton (Crypt:3)
  4 ancient zymes
  15 polar bears
  6 wolf spider simulacra
  4 tyrant leeches (Lair:5)
  30 merfolk
  4 wind drakes
  3 hellwings (Abyss:2)
  24 tarantellas
  Prince Ribbit (D:7)
  A mana viper skeleton (Crypt:3)
  10 saltlings
  2 harpy skeletons
  A dream sheep (shapeshifter) (Depths:2)
  18 raiju
  12 hornets
  5 blink frogs
  2 ettin zombies
  12 snapping turtles
  98 slime creatures
  An iron dragon simulacrum (Crypt:3)
  3 dream sheep (Shoals:1)
  10 culicivoras
  A fire dragon skeleton (Crypt:3)
  9 flying skulls
  19 jumping spiders
  Sigmund (D:3)
  3 spriggans
  A wind drake zombie (Crypt:2)
  13 wyverns
  9 wraiths
  4 vampires (Crypt:3)
  2 air elementals
  57 yaks
  4 ynoxinuls
  12 water elementals
  8 golden eyes (Slime:5)
  2 hogs (D:15)
  4 humans
  15 starcursed masses
  A wind drake skeleton (Crypt:3)
  A yak (shapeshifter) (D:15)
  4 basilisks
  A redback (shapeshifter) (Vaults:5)
  78 redbacks
  3 neqoxecs
  A steam dragon (D:6)
  2 vampire mosquitoes (D:11)
  17 large abominations
  5 chaos spawn
  6 wargs
  6 fire elementals
  A swamp worm (shapeshifter) (D:15)
  23 water moccasins
  A naga zombie (Crypt:3)
  3 acid dragons
  8 hell hounds
  2 floating eyes (Depths:2)
  5 ice beasts
  A glowing shapeshifter skeleton (Crypt:1)
  2 black bears
  26 orc warriors
  2 sky beasts (D:6)
  15 ogres
  3 boggarts
  13 centaurs
  A dream sheep skeleton (Crypt:1)
  20 wolves
  A phantom (D:4)
  5 kobold brigands
  A hog skeleton (Crypt:2)
  11 bullfrogs
  12 small abominations
  A necrophage (Crypt:3)
  4 gnoll sergeants
  An earth elemental (Elf:1)
  A komodo dragon skeleton (Crypt:1)
  5 scorpions
  A cyclops skeleton (Crypt:3)
  5 wights
  A shapeshifter zombie (Crypt:1)
  14 killer bees
  A raiju skeleton (Crypt:1)
  4 electric eels
  17 howler monkeys
  A bullfrog zombie (Crypt:3)
  A lava snake (Lair:4)
  A quasit (Abyss:3)
  8 gnoll boudas
  8 hounds
  25 orc priests
  2 iron imps
  5 jellies
  31 orc wizards
  3 sleepcaps
  8 iguanas
  5 mummies (Crypt:3)
  20 gnolls
  7 adders
  A shadow imp (D:5)
  A swamp drake skeleton (Crypt:1)
  4 white imps
  2 ufetubi
  An iguana zombie (Crypt:2)
  2 worms
  A dart slug (D:4)
  68 orcs
  5 bats
  6 endoplasms
  4 giant cockroaches
  4 goblins
  5 hobgoblins
  4 jackals
  18 kobolds
  3 quokkas
  6 ball pythons
  4 frilled lizards (D:1)
  2 rats
  A butterfly (D:5)
  14 foxfires
  3 fulminant prisms
  2 lurking horrors (Abyss:3)
  4 starspawn tentacles (Abyss:3)
2698 creatures vanquished.

Vanquished Creatures (collateral kills)
  An ancient lich (Vaults:5)
  A golden dragon (Vaults:5)
  3 tentacled monstrosities
  4 titans (Vaults:5)
  A quicksilver dragon (Vaults:5)
  An acid blob (Slime:3)
  A death cob (Zot:2)
  A shadow dragon (Vaults:5)
  3 tengu reavers (Vaults:5)
  2 storm dragons
  A fire giant (Vaults:5)
  2 vault wardens (Vaults:5)
  A deep elf sorcerer (Vaults:5)
  A draconian shifter (Zot:3)
  A draconian scorcher (Zot:3)
  An ironbound preserver (Vaults:5)
  A green draconian (Zot:2)
  A white draconian (Zot:3)
  A deep elf death mage (Vaults:5)
  2 vault guards (Vaults:5)
  A phantasmal warrior (Vaults:5)
  4 moths of wrath
  43 foxfires
78 creatures vanquished.

Vanquished Creatures (others)
  A golden dragon (Zot:1)
  A human (D:15)
  An orc (Orc:2)
  4373 foxfires
  239 fulminant prisms
  134 fungi
  2 lurking horrors (Abyss:3)
  205 plants
  2 starspawn tentacles (Abyss:3)
  62 withered plants
5020 creatures vanquished.

Grand Total: 7796 creatures vanquished

Table legend:
 A = Non-vault XP
 B = Vault XP
 C = Vault XP percentage of total XP
 D = Non-vault monster count
 E = Vault monster count
 F = Vault count percentage of total count
                 A         B        C        D         E       F
            +---------+---------+-------+---------+---------+-------
      Total |  894383 |  844494 |  48.6 |    1626 |    1055 |  39.4
            +---------+---------+-------+---------+---------+-------
        D:1 |      28 |       0 |   0.0 |      17 |       0 |   0.0
        D:2 |      61 |       0 |   0.0 |      15 |       0 |   0.0
        D:3 |      58 |     226 |  79.6 |      10 |       1 |   9.1
        D:4 |     452 |       0 |   0.0 |      19 |       0 |   0.0
        D:5 |     182 |     856 |  82.5 |      10 |      19 |  65.5
        D:6 |     856 |     525 |  38.0 |      16 |       6 |  27.3
        D:7 |    1333 |     536 |  28.7 |      18 |       2 |  10.0
        D:8 |    1029 |    3524 |  77.4 |      24 |      56 |  70.0
        D:9 |    1079 |     339 |  23.9 |      32 |       4 |  11.1
       D:10 |    4490 |    2133 |  32.2 |      27 |       9 |  25.0
       D:11 |    2570 |   12879 |  83.4 |      16 |      32 |  66.7
       D:12 |    4095 |    2351 |  36.5 |      18 |      10 |  35.7
       D:13 |    7686 |   10142 |  56.9 |      13 |      10 |  43.5
       D:14 |   14503 |    4813 |  24.9 |      27 |       5 |  15.6
       D:15 |   13024 |    9600 |  42.4 |      22 |      13 |  37.1
     Lair:1 |    5641 |     940 |  14.3 |      20 |       2 |   9.1
     Lair:2 |    3526 |    8582 |  70.9 |      15 |      18 |  54.5
     Lair:3 |    9577 |    2640 |  21.6 |      31 |       6 |  16.2
     Lair:4 |   10987 |     963 |   8.1 |      28 |       9 |  24.3
     Lair:5 |    8759 |   18654 |  68.0 |      23 |      62 |  72.9
   Shoals:1 |   12420 |    1356 |   9.8 |      22 |       1 |   4.3
   Shoals:2 |   18397 |       0 |   0.0 |      39 |       0 |   0.0
   Shoals:3 |   14715 |    4536 |  23.6 |      28 |       7 |  20.0
   Shoals:4 |   13214 |   22509 |  63.0 |      29 |      35 |  54.7
   Spider:1 |   20763 |    3690 |  15.1 |      46 |       2 |   4.2
   Spider:2 |   15043 |       0 |   0.0 |      34 |       0 |   0.0
   Spider:3 |   16339 |    8983 |  35.5 |      38 |      17 |  30.9
   Spider:4 |   17578 |   23618 |  57.3 |      54 |      45 |  45.5
    Slime:1 |    6115 |       0 |   0.0 |       8 |       0 |   0.0
    Slime:2 |    8337 |       0 |   0.0 |      18 |       0 |   0.0
    Slime:3 |   17425 |       0 |   0.0 |      24 |       0 |   0.0
    Slime:4 |   17463 |    2966 |  14.5 |      33 |       3 |   8.3
    Slime:5 |   10985 |   22023 |  66.7 |      26 |      13 |  33.3
      Orc:1 |    3043 |       0 |   0.0 |      29 |       0 |   0.0
      Orc:2 |    2786 |    7621 |  73.2 |      35 |      29 |  45.3
      Elf:1 |   18669 |   14913 |  44.4 |      31 |      21 |  40.4
      Elf:2 |   33047 |    3299 |   9.1 |      55 |       4 |   6.8
      Elf:3 |    6817 |   35503 |  83.9 |      10 |      32 |  76.2
   Vaults:1 |   25081 |    6861 |  21.5 |      43 |      12 |  21.8
   Vaults:2 |   21154 |   26329 |  55.4 |      31 |      35 |  53.0
   Vaults:3 |   14101 |   30537 |  68.4 |      21 |      39 |  65.0
   Vaults:4 |   21314 |   30068 |  58.5 |      28 |      35 |  55.6
   Vaults:5 |   21177 |  126237 |  85.6 |      22 |     101 |  82.1
    Crypt:1 |   22100 |    7907 |  26.4 |      30 |       4 |  11.8
    Crypt:2 |   19738 |    7418 |  27.3 |      28 |      12 |  30.0
    Crypt:3 |   17134 |   29088 |  62.9 |      24 |      38 |  61.3
   Depths:1 |   19550 |   13020 |  40.0 |      24 |      14 |  36.8
   Depths:2 |    6615 |   75172 |  91.9 |       9 |      74 |  89.2
   Depths:3 |   33844 |   28007 |  45.3 |      34 |      29 |  46.0
   Depths:4 |   30840 |    9813 |  24.1 |      32 |       8 |  20.0
       Hell |    5744 |    6391 |  52.7 |       7 |       6 |  46.2
      Zot:1 |   85169 |   16048 |  15.9 |      70 |      12 |  14.6
      Zot:2 |   52786 |   59252 |  52.9 |      50 |      45 |  47.4
      Zot:3 |   30378 |    2936 |   8.8 |      25 |       3 |  10.7
      Zot:4 |   36932 |       0 |   0.0 |      29 |       0 |   0.0
      Zot:5 |   23440 |  103930 |  81.6 |      21 |      41 |  66.1
    Abyss:1 |    9514 |       0 |   0.0 |      34 |       0 |   0.0
    Abyss:2 |   14251 |    4186 |  22.7 |      36 |       4 |  10.0
    Abyss:3 |   40429 |   11958 |  22.8 |      68 |      11 |  13.9
      IceCv |       0 |   13908 | 100.0 |       0 |      49 | 100.0
 Desolation |       0 |    4708 | 100.0 |       0 |      10 | 100.0
            +---------+---------+-------+---------+---------+-------

Skill      XL: |  1  2  3  4  5  6  7  8  9 10 11 12 13 14 15 16 17 18 19 20 21 22 23 24 25 26 |
---------------+-------------------------------------------------------------------------------+-----
Conjurations   | 1 2 3 5 7 8 9 10 11 12 13 15 16 18 | 18.7
Stealth        | 2 3 4 5 6 |  6.0
Dodging        | 2 3 4 5 6 7 9 10 11 12 14 15 16 17 18 | 18.7
Spellcasting   | 2 4 5 6 7 8 9 10 11 13 14 15 16 18 | 18.7
Fire Magic     | 3 4 5 6 7 8 9 11 13 15 16 17 18 19 20 | 20.6
Fighting       | 1 2 3 6 7 8 10 11 12 13 14 15 16 17 19 20 | 20.0
Hexes          | 2 4 5 |  5.0
Armour         | 4 5 6 7 |  7.0
Poison Magic   | 4 5 |  5.0
Air Magic      | 2 8 9 10 | 10.0
Long Blades    | 1 4 6 7 8 9 10 | 10.0
Shields        | 4 5 6 8 10 12 14 15 16 | 16.0
Translocations | 1 |  1.0
Transmutations | 1 2 4 5 6 |  6.0
Necromancy     | 4 7 8 |  8.5
Earth Magic    | 2 |  2.0

Action                     |  1- 3 |  4- 6 |  7- 9 | 10-12 | 13-15 | 16-18 | 19-21 | 22-24 | 25-27 || total
---------------------------+-------+-------+-------+-------+-------+-------+-------+-------+-------++-------
  Melee: Unarmed           |     8 |       |       |       |       |       |       |       |       ||     8
         Staff             |       |     4 |       |       |       |       |       |       |       ||     4
         Spear             |       |       |     7 |       |       |       |       |       |       ||     7
         Long sword        |       |       |       |    19 |    29 |    27 |    15 |   212 |   187 ||   489
  Throw: Dart              |       |       |       |       |     4 |     2 |       |       |     4 ||    10
         Throwing net      |       |       |       |       |     1 |     2 |     1 |       |       ||     4
   Cast: Foxfire           |   107 |    87 |   271 |   382 |   740 |   330 |   213 |   421 |    46 ||  2597
         Scorch            |    16 |    19 |   100 |   232 |   428 |   361 |    64 |   252 |     8 ||  1480
         Fulminant Prism   |       |       |       |   147 |    77 |    19 |       |       |       ||   243
         Olgreb's Toxic Ra |       |       |       |    11 |    88 |   288 |   261 |    84 |   131 ||   863
         Iskenderun's Batt |       |       |       |       |   196 |   186 |   199 |   188 |    23 ||   792
         Inner Flame       |       |       |       |       |    14 |   158 |   103 |    23 |    42 ||   340
         Iskenderun's Myst |       |       |       |       |     5 |    35 |    57 |    48 |    20 ||   165
         Ignite Poison     |       |       |       |       |    21 |    86 |   111 |    19 |    15 ||   252
         Arcjolt           |       |       |       |       |     1 |     2 |       |       |       ||     3
         Blink             |       |       |       |       |     2 |     8 |     1 |       |       ||    11
         Plasma Beam       |       |       |       |       |       |    49 |   407 |   484 |   232 ||  1172
         Irradiate         |       |       |       |       |       |       |     3 |    23 |    74 ||   100
         Yara's Violent Un |       |       |       |       |       |       |    17 |    14 |     8 ||    39
         Ignition          |       |       |       |       |       |       |       |    41 |    47 ||    88
         Death Channel     |       |       |       |       |       |       |       |     4 |    20 ||    24
         Orb of Destructio |       |       |       |       |       |       |       |       |    74 ||    74
         Borgnjor's Vile C |       |       |       |       |       |       |       |       |    33 ||    33
  Evoke: Wand              |       |       |       |     3 |       |     3 |       |    12 |    10 ||    28
         Tin of tremorston |       |       |       |       |       |     2 |       |       |       ||     2
         Phantom mirror    |       |       |       |       |       |       |       |     3 |     1 ||     4
         Lightning rod     |       |       |       |       |       |       |       |     7 |       ||     7
         Box of beasts     |       |       |       |       |       |       |       |       |     1 ||     1
    Use: Scroll            |       |     4 |     1 |    12 |    16 |    16 |     8 |    25 |    16 ||    98
         Potion            |       |     1 |       |     1 |     6 |     3 |     2 |    28 |    13 ||    54
   Stab: Sleeping          |       |       |       |       |       |       |     1 |       |     1 ||     2
         Distracted        |       |       |       |       |       |       |       |     2 |     3 ||     5
         Paralysed         |       |       |       |       |       |       |       |     6 |       ||     6
         Invisible         |       |       |       |       |       |       |       |     1 |       ||     1
 Armour: Robe              |     7 |       |    10 |   120 |   127 |   112 |     2 |       |       ||   378
         Ring mail         |       |       |       |       |       |       |    45 |   117 |     8 ||   170
         Leather armour    |       |       |       |       |       |       |       |    12 |       ||    12
         Quicksilver drago |       |       |       |       |       |       |       |       |    79 ||    79
  Dodge: Dodged            |    13 |     4 |    27 |   221 |   373 |   418 |   184 |   451 |   274 ||  1965
  Block: Buckler           |       |       |       |       |    52 |   159 |   101 |       |       ||   312
         Kite shield       |       |       |       |       |       |       |    16 |   498 |   317 ||   831

Illustrated notes

Table legend:
 A = Kills in this place as a percentage of kills in the entire game.
 B = Kills by you in this place as a percentage of kills by you in the entire game.
 C = Kills by friends in this place as a percentage of kills by friends in the entire game.
 D = Other kills in this place as a percentage of other kills in the entire game.
 E = Experience gained in this place as a percentage of experience gained in the entire game.
 F = Experience gained in this place divided by the number of levels of this place that you have seen.
                   A       B       C       D       E      F
               +-------+-------+-------+-------+-------+----------------------
         Total | 100.0 | 100.0 | 100.0 | 100.0 | 100.0 | 27688.7
       Dungeon |  16.9 |  17.1 |   0.0 |   0.0 |   5.9 | 6911.1
          Lair |   8.0 |   8.1 |   0.0 |   0.0 |   4.0 | 14053.8
        Shoals |   6.0 |   6.1 |   0.0 |   0.0 |   5.0 | 21786.8
   Spider Nest |   8.8 |   8.9 |   0.0 |   0.0 |   6.1 | 26503.5
    Slime Pits |   4.7 |   4.7 |   2.9 |   0.0 |   4.9 | 17062.8
  Orcish Mines |   3.5 |   3.5 |   0.0 |   0.0 |   0.8 | 6725.0
   Elven Halls |   5.7 |   5.8 |   0.0 |   0.0 |   6.4 | 37416.0
        Vaults |  13.7 |  13.0 |  62.9 |   0.0 |  18.5 | 64571.8
         Crypt |   5.1 |   5.1 |   0.0 |   0.0 |   5.9 | 34461.7
        Depths |   8.4 |   8.5 |   0.0 |   0.0 |  12.5 | 54519.0
          Hell |   0.5 |   0.5 |   0.0 |   0.0 |   0.7 | 12135.0
           Zot |  11.0 |  10.7 |  34.3 | 100.0 |  23.6 | 82174.2
         Abyss |   5.7 |   5.8 |   0.0 |   0.0 |   4.6 | 16067.6
      Ice Cave |   1.8 |   1.8 |   0.0 |   0.0 |   0.8 | 13908.0
    Desolation |   0.4 |   0.4 |   0.0 |   0.0 |   0.3 | 4708.0
               +-------+-------+-------+-------+-------+----------------------

Table legend: (Time is in decaauts)
 A = Elapsed time spent in this place.
 B = Non-inter-level travel time spent in this place.
 C = Inter-level travel time spent in this place.
 D = Time resting spent in this place.
 E = Time spent auto-exploring this place.
 F = Levels seen in this place.
 G = Mean time per level.
                   A        B        C        D        E       F      G
               +--------+--------+--------+--------+--------+-----+--------+
         Total | 119286 | 104904 |  14382 |  40543 |  39476 |  63 | 1893.4 |
       Dungeon |  28612 |  24355 |   4257 |   8075 |  12082 |  15 | 1907.5 |
          Lair |  13441 |  10730 |   2711 |   3335 |   5296 |   5 | 2688.2 |
        Shoals |   6454 |   6215 |    239 |   1525 |   1869 |   4 | 1613.5 |
   Spider Nest |   8240 |   7459 |    781 |   2999 |   2756 |   4 | 2060.0 |
    Slime Pits |   4021 |   3552 |    469 |   1164 |   1445 |   5 |  804.2 |
  Orcish Mines |   2715 |   1939 |    776 |    545 |   1019 |   2 | 1357.5 |
   Elven Halls |   5988 |   5369 |    619 |   2076 |   2087 |   3 | 1996.0 |
        Vaults |  11184 |  10268 |    916 |   3216 |   4857 |   5 | 2236.8 |
         Crypt |   5544 |   5364 |    180 |   1572 |   1713 |   3 | 1848.0 |
        Depths |  10507 |   9059 |   1448 |   4564 |   2633 |   4 | 2626.8 |
          Hell |     19 |     19 |      0 |      0 |      0 |   1 |   19.0 |
           Zot |  18373 |  16391 |   1982 |   9692 |   2961 |   5 | 3674.6 |
         Abyss |   2151 |   2151 |      0 |   1147 |    104 |   5 |  430.2 |
      Ice Cave |   1826 |   1826 |      0 |    601 |    653 |   1 | 1826.0 |
    Desolation |    205 |    205 |      0 |     31 |      0 |   1 |  205.0 |
               +--------+--------+--------+--------+--------+-----+--------+

Top non-repeatable levels by time:
   Zot:2: 6962 daAuts
Depths:2: 4010 daAuts
   Zot:5: 3996 daAuts
    D:10: 3484 daAuts
Depths:3: 3359 daAuts
    D:11: 3349 daAuts
  Lair:2: 3317 daAuts
  Lair:1: 3092 daAuts
   Zot:1: 3054 daAuts
     D:8: 3041 daAuts
   Zot:4: 2943 daAuts
Vaults:2: 2612 daAuts
  Lair:3: 2514 daAuts
   Elf:1: 2490 daAuts
Spider:1: 2484 daAuts
